 Dungeon Crawl Stone Soup version 0.30.1-6-gbe392663c4 (webtiles) character file.

Game seed: 12393820292651199387

13457734 Kurtz the Invulnerable (level 27, 159/159 HPs)
             Began as a Tengu Fighter on Sept 21, 2023.
             Was the Champion of the Shining One.
             Escaped with the Orb
             ... and 15 runes!
             The game lasted 05:07:40 (120098 turns).

Kurtz the Invulnerable (Tengu Fighter)            Turns: 120098, Time: 05:07:41

Health: 159/159    AC: 45    Str: 40    XL:     27
Magic:  46/46      EV: 32    Int: 11    God:    the Shining One [******]
Gold:   11328      SH: 40    Dex: 22    Spells: 50/73 levels left

rFire   + + +        b - +9 broad axe (holy)
rCold   + + +        c - +8 tower shield {rC+}
rNeg    + + +        Y - +10 crystal plate armour "Xiliw" {+Inv rPois rF++ Str+3}
rPois   +            N - +2 hat "Telluut" {Regen+}
rElec   .            Q - scarf of Going Fast {rC+ rF+, Will+ Int+2 Dex+4, GOTTA GO FAST}
rCorr   +            y - +0 pair of fencer's gloves {Riposte Dex+3}
SInv    .            (boots unavailable)
Will    ++++.        i - amulet "Uclu" {Reflect rCorr SH+5} Stlth
                     H - ring of Creativity {rPois rF+ rC+ rN+}
HPRegen 1.26/turn    x - ring "Urrinkufu" {Will+ Str+6 Int+2 Slay+3}
MPRegen 0.30/turn

%: reflection
@: flying quickly and evasively, glowing, studying 4 skills, quick
A: beak, talons 3, nimble flight, deterioration 1, dopey 1, frail 2, low MP 1,
strong 1, wild magic 2, devolution 1
0: Orb of Zot
}: 15/15 runes: serpentine, barnacled, slimy, silver, golden, iron, obsidian,
icy, bone, abyssal, demonic, glowing, magical, fiery, dark
a: Renounce Religion, Evoke Invisibility, Divine Shield, Cleansing Flame, Summon
Divine Warrior


You escaped.
You worshipped the Shining One.
The Shining One was exalted by your worship.
You visited 18 branches of the dungeon, and saw 88 of its levels.
You visited Pandemonium 1 time, and saw 22 of its levels.
You visited the Abyss 62 times.
You also visited: Trove, Bailey and Ice Cave.

You collected 18160 gold pieces.
You spent 6499 gold pieces at shops.
You donated 333 gold pieces to Zin.

Inventory:

Hand Weapons
 b - a +9 broad axe of holy wrath (weapon)
Missiles
 E - 21 curare-tipped darts (quivered)
 V - 7 throwing nets
Armour
 c - a +8 tower shield of cold resistance (worn)
 r - the +1 pair of gloves "Uclaqo" {-Tele +Inv rPois rCorr}
   (Okawaru gifted it to you on level 1 of the Elven Halls)

   rPois:     It protects you from poison.
   +Inv:      It lets you turn invisible.
   -Tele:     It prevents most forms of teleportation.
   rCorr:     It protects you from acid and corrosion.
 y - the +0 pair of fencer's gloves (worn) {Riposte Dex+3}
   (You found it on level 5 of the Pits of Slime)

   Riposte:   It allows the wearer to riposte with melee weapons, swiftly
   retaliating against missed or blocked melee attacks.
   Dex:       It affects your dexterity (+3).
 L - the scarf "Topemir" {shadows, rCorr}
   (Okawaru gifted it to you on level 15 of the Dungeon)

   rCorr:     It protects you from acid and corrosion.
 N - the +2 hat "Telluut" (worn) {Regen+}
   (Okawaru gifted it to you on level 2 of the Shoals)

   Regen:     It increases your rate of health regeneration.
 Q - the scarf of Going Fast (worn) {rC+ rF+, Will+ Int+2 Dex+4, GOTTA GO FAST}
   (Okawaru gifted it to you on level 11 of the Dungeon)

   Int:       It affects your intelligence (+2).
   Dex:       It affects your dexterity (+4).
   Will:      It increases your willpower.
 Y - the +10 crystal plate armour "Xiliw" (worn) {+Inv rPois rF++ Str+3}
   (Okawaru gifted it to you on level 4 of the Shoals)

   Str:       It affects your strength (+3).
   rF:        It greatly protects you from fire.
   rPois:     It protects you from poison.
   +Inv:      It lets you turn invisible.
Jewellery
 f - the amulet of Otes {Spirit rElec rN+}
   (You found it on level 1 of the Depths)

   [amulet of guardian spirit]

   It causes incoming damage to be divided between your reserves of health and
   magic.
   rElec:     It insulates you from electricity.
   rN:        It protects you from negative energy.
 i - the amulet "Uclu" (around neck) {Reflect rCorr SH+5}
   (You found it on level 3 of the Lair of Beasts)

   [amulet of reflection]

   It reflects blocked missile attacks.
   rCorr:     It protects you from acid and corrosion.
   SH:        It affects your SH (+5).
 k - the amulet of the Cast Vote {RegenMP Int+3}
   (You took it off a vampire mage on level 4 of the Abyss)

   [amulet of magic regeneration]

   It increases your rate of magic regeneration.
   Int:       It affects your intelligence (+3).
 l - the ring of Bopnir {rC+ rN+}
   (You took it off a merfolk javelineer on level 4 of the Shoals)

   [ring of protection from cold]

   rC:        It protects you from cold.
   rN:        It protects you from negative energy.
 x - the ring "Urrinkufu" (right hand) {Will+ Str+6 Int+2 Slay+3}
   (You found it in a treasure trove)

   [ring of strength]

   Str:       It affects your strength (+6).
   Int:       It affects your intelligence (+2).
   Slay:      It affects your accuracy & damage with ranged weapons and melee
   (+3).
   Will:      It increases your willpower.
 z - the ring "Tamoq" {rPois rN+ rCorr Dex+4 Stlth+}
   (You found it on level 3 of the Crypt)

   [ring of positive energy]

   Dex:       It affects your dexterity (+4).
   rPois:     It protects you from poison.
   rN:        It protects you from negative energy.
   rCorr:     It protects you from acid and corrosion.
   Stlth:     It makes you more stealthy.
 F - the ring "Baimauf" {Ice Will+ Str+2 Dex+2}
   (You took it off a deep elf sorcerer on level 5 of the Vaults)

   [ring of ice]

   It enhances your ice magic.
   Str:       It affects your strength (+2).
   Dex:       It affects your dexterity (+2).
   rF:        It makes you vulnerable to fire.
   rC:        It protects you from cold.
   Will:      It increases your willpower.
 H - the ring of Creativity (left hand) {rPois rF+ rC+ rN+}
   (You found it on level 3 of the Crypt)

   [ring of positive energy]

   rF:        It protects you from fire.
   rC:        It protects you from cold.
   rPois:     It protects you from poison.
   rN:        It protects you from negative energy.
 I - the ring of Naarot {Will+ Int+3 SInv Stlth-}
   (You took it off a vault warden on level 5 of the Vaults)

   [ring of see invisible]

   Int:       It affects your intelligence (+3).
   SInv:      It lets you see invisible.
   Will:      It increases your willpower.
   Stlth:     It makes you less stealthy.
 S - a ring of willpower
 U - the ring "Zeidauwo" {rElec AC+4}
   (You found it in a treasure trove)

   [ring of protection]

   AC:        It affects your AC (+4).
   rElec:     It insulates you from electricity.
 X - the amulet of the Pure Deaths {Faith Harm rF+ Regen+}
   (You found it on level 3 of the Elven Halls)

   [amulet of faith]

   It allows you to gain divine favour quickly.
   rF:        It protects you from fire.
   Regen:     It increases your rate of health regeneration.
   Harm:      It increases damage dealt and taken.
 Z - the ring of Dosyehue {Fire Contam rN+ rCorr Slay+2 SInv}
   (You found it on level 3 of the Elven Halls)

   [ring of fire]

   It enhances your fire magic.
   Slay:      It affects your accuracy & damage with ranged weapons and melee
   (+2).
   rF:        It protects you from fire.
   rC:        It makes you vulnerable to cold.
   rN:        It protects you from negative energy.
   SInv:      It lets you see invisible.
   Contam:    It causes magical contamination when unequipped.
   rCorr:     It protects you from acid and corrosion.
Wands
 n - a wand of polymorph (5)
 o - a wand of flame (143)
 C - a wand of light (77)
 D - a wand of iceblast (80)
 K - a wand of mindburst (71)
 O - a wand of digging (12)
 P - a wand of paralysis (61)
Scrolls
 e - 4 scrolls of enchant armour
 g - 4 scrolls of enchant weapon
 h - 30 scrolls of teleportation
 j - 3 scrolls of brand weapon
 p - 14 scrolls of magic mapping
 q - 10 scrolls of blinking
 s - 17 scrolls of fog
 u - 20 scrolls of fear
 J - 9 scrolls of silence
 W - 5 scrolls of butterflies
Potions
 d - 2 potions of might
 m - 2 potions of ambrosia
 t - 13 potions of brilliance
 v - 23 potions of curing
 w - 2 potions of mutation
 A - 10 potions of resistance
 B - 6 potions of magic
 M - 3 potions of cancellation
 R - 2 potions of haste
 T - 4 potions of berserk rage
Miscellaneous
 a - a phial of floods
 G - a lightning rod (4/4)


   Skills:
 O Level 27 Fighting
 - Level 18.0 Axes
 O Level 27 Armour
 O Level 27 Dodging
 O Level 27 Shields
 * Level 23.5 Spellcasting
 * Level 24.3 Transmutations
 - Level 10.2 Ice Magic
 * Level 24.7 Earth Magic
 O Level 27 Invocations


You had 50 spell levels left.
You knew the following spells:

 Your Spells              Type           Power      Damage    Failure   Level
a - Ignition              Fire           10%        3d5       100%        8
b - Statue Form           Tmut/Erth      54%        N/A       1%          6
c - Polar Vortex          Ice            27%        N/A       100%        9

Your spell library contained the following spells:

 Spells                   Type           Power      Damage    Failure   Level
 Freeze                   Ice            100%       1d10      1%          1
 Sandblast                Erth           100%       2d20      1%          1
 Passwall                 Tmut/Erth      68%        N/A       1%          2
 Wereblood                Tmut           82%        N/A       1%          2
 Spider Form              Tmut/Pois      59%        N/A       1%          3
 Stone Arrow              Conj/Erth      100%       3d13      1%          3
 Ice Form                 Ice/Tmut       69%        N/A       1%          4
 Petrify                  Tmut/Erth      82%        N/A       1%          4
 Lee's Rapid Deconstruct  Erth           41%        3d20*     1%          5
 Frozen Ramparts          Ice            100%       1d16      2%          3
 Ozocubu's Armour         Ice            54%        N/A       2%          3
 Dragon Form              Tmut           41%        N/A       2%          7
 Animate Armour           Summ/Erth      100%       N/A       3%          4
 Leda's Liquefaction      Hex/Erth       29%        N/A       3%          4
 Ignite Poison            Fire/Tmut/Pois 49%        N/A       4%          3
 Borgnjor's Vile Clutch   Necr/Erth      29%        N/A       6%          5
 Alistair's Intoxication  Tmut/Pois      39%        N/A       7%          5
 Yara's Violent Unravell  Hex/Tmut       29%        3d12      7%          5
 Hailstorm                Conj/Ice       38%        3d9       11%         3
 Iron Shot                Conj/Erth      29%        9d6       22%         6
 Apportation              Tloc           40%        N/A       24%         1
 Foxfire                  Conj/Fire      80%        2x1d8     24%         1
 Magic Dart               Conj           80%        1d7       24%         1
 Necrotise                Necr           80%        1d8       24%         1
 Shock                    Conj/Air       80%        1d8       24%         1
 Summon Small Mammal      Summ           80%        N/A       24%         1
 Eringya's Noxious Bog    Tmut/Pois      29%        N/A       24%         6
 Blink                    Tloc           40%        N/A       32%         2
 Call Imp                 Summ           40%        N/A       32%         2
 Cigotuvi's Dreadful Rot  Necr/Pois/Air  40%        N/A       32%         2
 Lesser Beckoning         Tloc           40%        N/A       32%         2
 Momentum Strike          Conj/Tloc      40%        3d9       32%         2
 Scorch                   Fire           40%        2d7       32%         2
 Searing Ray              Conj           40%        2d5       32%         2
 Static Discharge         Conj/Air       40%        2-4/arc   32%         2
 Call Canine Familiar     Summ           20%        N/A       52%         3
 Dazzling Flash           Conj/Hex       40%        N/A       52%         3
 Gell's Gravitas          Tloc           20%        N/A       52%         3
 Inner Flame              Hex/Fire       20%        N/A       52%         3
 Mephitic Cloud           Conj/Pois/Air  20%        N/A       52%         3
 Summon Guardian Golem    Hex/Summ       20%        N/A       52%         3
 Teleport Other           Tloc           20%        N/A       52%         3
 Vampiric Draining        Necr           20%        2d7       52%         3
 Vhi's Electric Charge    Tloc/Air       40%        N/A       52%         3
 Volatile Blastmotes      Fire/Tloc      40%        2d13      52%         3
 Metabolic Englaciation   Hex/Ice        19%        N/A       54%         5
 Freezing Cloud           Conj/Ice/Air   16%        6-21      77%         5
 Airstrike                Air            10%        2d(2-18)  87%         4
 Anguish                  Hex/Necr       10%        N/A       87%         4
 Cause Fear               Hex            10%        N/A       87%         4
 Fulminant Prism          Conj/Hex       10%        3d8       87%         4
 Iskenderun's Mystic Bla  Conj/Tloc      20%        2d6       87%         4
 Manifold Assault         Tloc           20%        N/A       87%         4
 Olgreb's Toxic Radiance  Pois           20%        N/A       87%         4
 Sticky Flame             Conj/Fire      20%        2d4       87%         4
 Summon Lightning Spire   Summ/Air       20%        N/A       87%         4
 Ozocubu's Refrigeration  Ice            27%        4d13      91%         7
 Simulacrum               Ice/Necr       19%        N/A       97%         6
 Agony                    Necr           20%        N/A       99%         5
 Arcjolt                  Conj/Air       10%        1d20      99%         5
 Fireball                 Conj/Fire      10%        3d6       99%         5
 Iskenderun's Battlesphe  Conj           20%        2d7       99%         5
 Silence                  Hex/Air        10%        N/A       99%         5
 Summon Forest            Summ/Tloc      10%        N/A       99%         5
 Conjure Ball Lightning   Conj/Air       10%        3x3d6     100%        6
 Dispersal                Tloc           10%        N/A       100%        6
 Plasma Beam              Fire/Air       10%        2x1d23    100%        6
 Starburst                Conj/Fire      10%        6d5       100%        6
 Enfeeble                 Hex            10%        N/A       100%        7
 Haunt                    Necr/Summ      10%        N/A       100%        7
 Malign Gateway           Summ/Tloc      10%        N/A       100%        7
 Orb of Destruction       Conj           10%        9d6       100%        7
 Spellforged Servitor     Conj/Summ      10%        N/A       100%        7
 Summon Hydra             Summ           10%        N/A       100%        7
 Borgnjor's Revivificati  Necr           10%        N/A       100%        8
 Discord                  Hex            10%        N/A       100%        8
 Disjunction              Tloc           10%        N/A       100%        8
 Lehudib's Crystal Spear  Conj/Erth      29%        10d8      100%        8
 Maxwell's Capacitive Co  Air            10%        ∞         100%        8
 Necromutation            Tmut/Necr      29%        N/A       100%        8
 Death's Door             Necr           10%        N/A       100%        9
 Dragon's Call            Summ           10%        N/A       100%        9
 Fire Storm               Conj/Fire      10%        8d3       100%        9


Dungeon Overview and Level Annotations

Branches:
Dungeon (15/15)            Temple (1/1) D:5            Lair (5/5) D:8
 Shoals (4/4) Lair:2        Snake (4/4) Lair:2        Slime (5/5) Lair:4
    Orc (2/2) D:10            Elf (3/3) Orc:2        Vaults (5/5) D:13
  Crypt (3/3) Vaults:3       Tomb (3/3) Crypt:3      Depths (4/4) D:15
   Hell (visited)             Dis (7/7) Hell            Geh (7/7) Hell
    Coc (7/7) Hell            Tar (7/7) Hell            Zot (5/5) Depths:4
 Bailey (visited)           IceCv (visited)

Altars:
Ashenzari
Cheibriados
Dithmenos
Elyvilon
Fedhas
Hepliaklqana
Kikubaaqudgha
Makhleb
Nemelex Xobeh
Okawaru
Qazlal
Ru
Sif Muna
Trog
Uskayaw
Vehumet
Wu Jian
Xom
Yredelemnul
Zin
The Shining One
Jiyva

Shops:
D:2 :   D:6 (   D:14 (   Orc:1 (:   Orc:2 !:*(=   Elf:1 (!?(*   Elf:3 *:[=
Shoals:4 [   Vaults:1 *   Vaults:3 *   Depths:2 [(   Depths:4 *

Portals:
Hell: Depths:1 Depths:2 Depths:3 Depths:4
Abyss: Depths:3
Pandemonium: Depths:2
Ziggurat: Depths:2

Annotations:
Slime:5 2 exclusions
Vaults:5 1 exclusion


Innate Abilities, Weirdness & Mutations

You have a beak for a mouth.
You have claws for feet.
Your magical nature lets you fly swiftly and evasively.
Your body sometimes deteriorates upon taking damage.
You are dopey. (Int -2)
You are very frail. (-20% HP)
Your magical capacity is low. (-10% MP)
Your muscles are strong. (Str +4, Int/Dex -1)
Your spells are harder to cast, but more powerful.
You have hidden genetic defects.


Message History

The Orb Guardian closely misses you.
There is a stone staircase leading up, spattered with blood here.
You hit the Orb Guardian. Your kick misses the Orb Guardian.
The Orb Guardian is lightly wounded.
You block the Orb Guardian's attack.
You slash the Orb Guardian! You claw the Orb Guardian.
You peck the Orb Guardian, but do no damage.
The Orb Guardian is moderately wounded.
You block the Orb Guardian's attack.
You hit the Orb Guardian but do no damage.
Your kick misses the Orb Guardian.
The Orb Guardian is moderately wounded.
You block the Orb Guardian's attack.
You slice the Orb Guardian like a ripe choko!!!
You claw the Orb Guardian, but do no damage.
The Orb Guardian is severely wounded.
You block the Orb Guardian's attack.
You completely miss the Orb Guardian. You claw the Orb Guardian.
You peck the Orb Guardian.
The Orb Guardian is almost dead.
You block the Orb Guardian's attack.
You riposte.
You hit the Orb Guardian. You claw the Orb Guardian! You peck the Orb Guardian.
You kill the Orb Guardian!
An Ice Fiend comes into view.
There is a stone staircase leading up, spattered with blood here.
You fly upwards.
There is a stone staircase leading down here.
You see here a +0 flail.
Unknown command.
Things that are here:
a +0 club; a +0 dagger; a +0 sling
There is a stone staircase leading up here.
You fly upwards.
There is a stone staircase leading down here.
There is a stone staircase leading up here.
You fly upwards.
There is a stone staircase leading down here.
There is an open door here.
There is a staircase leading out of the dungeon here.
You have escaped!

.#######.# ###############.#
#.# )...##.#.# #.# #.#
..#.#....## #.# #.#
....##.#..### #.# #.#
.#######....## #.# #.##
.#########...# #[# #...
........##...###### #.# ####
#....#####...##...# #.#
#.......##.>.''.@.# #.#
#....#####3..##...# #.#
####.# #...####'# #.# #.#
##'#####.# #.# #
####.#####.....##.# #.# #
.....##..'..⌠..##.########.#
#
.........#.....##.##.......#
#
#######..#..8..##.##########
# #..#.....##.# #


You could see a smoke demon.

Vanquished Creatures
  Cerebov (Pan)
  Antaeus (Coc:7)
  Asmodeus (Geh:7)
  the Royal Jelly (Slime:5)
  Dissolution (Slime:5)
  Gloorx Vloq (Pan)
  Ereshkigal (Tar:7)
  11 dread liches
  Lom Lobon (Pan)
  Mnoleg (Pan)
  the Serpent of Hell (Tar:7)
  Dispater (Dis:7)
  9 pandemonium lords
  8 orbs of fire
  8 ancient liches
  Mennas (Depths:3)
  A juggernaut (Dis:7)
  34 royal mummies
  The ghost of ShutUppercut the Conqueror, a legendary DsGl of Qazlal (Zot:3)
  2 Killer Klowns (Zot:5)
  Bai Suzhen (Depths:2)
  Margery (Vaults:3)
  Parghit (Depths:3)
  Frederick (Crypt:1)
  16 shard shrikes
  5 curse toes
  29 caustic shrikes
  The ghost of ragingrage the Executioner, a veteran HOFi of Beogh (Vaults:3)
  the Enchantress (Depths:3)
  Nikola (Shoals:4)
  Geryon (Hell)
  19 profane servitors
  15 golden dragons
  A pearl dragon (Abyss:4)
  42 bone dragons
  20 hellephants
  15 doom hounds
  9 iron giants
  13 Brimstone Fiends
  The ghost of Xutext the Spry, an adept DsAK of Lugonu (Depths:2)
  The ghost of Ompu Vos the Tortoise, an adept DsMo of Gozag (Vaults:3)
  2 electric golems (Zot:2)
  19 Tzitzimimeh
  4 spectral shard shrikes
  32 tentacled monstrosities
  Mlioglotl (Shoals:4)
  Jorgrun (Shoals:2)
  24 Ice Fiends
  10 tainted leviathans
  29 titans
  27 Orb Guardians
  7 deep elf blademasters
  Zenata (Elf:3)
  23 Hell Sentinels
  26 liches
  Asterion (Elf:3)
  11 quicksilver dragons
  A walking crystal tome (Abyss:6)
  A walking divine tome (Abyss:6)
  7 deep elf master archers
  An eldritch tentacle (Pan)
  Murray (Hell)
  14 sphinxes
  26 searing wretches
  31 acid blobs
  A kraken (Abyss:2)
  42 ancient champions
  Polyphemus (Shoals:3)
  4 death cobs
  42 Executioners
  24 shadow dragons
  2 tengu reavers (Vaults:5)
  117 tentacled starspawn
  9 draconian monks
  12 azure jellies
  Ilsuiw (Shoals:1)
  8 nagarajas
  24 storm dragons
  3 daevas
  The ghost of Xrynn the Executioner, a journeyman MiFi of Okawaru (Snake:2)
  13 revenants
  8 demonspawn warmongers (Pan)
  32 frost giants
  11 narguns
  10 draconian knights
  11 deep elf sorcerers
  12 rockslimes
  An azure jelly (shapeshifter) (Vaults:5)
  13 quicksilver elementals
  7 iron dragons
  5 ghost moths
  10 draconian scorchers
  18 vault wardens
  62 balrugs
  35 fire giants
  A spectral caustic shrike (Tar:3)
  Louise (Shoals:3)
  Aizul (Shoals:3)
  10 draconian annihilators
  2 juggernaut zombies
  5 spectral juggernauts
  10 draconian shifters
  6 curse skulls
  9 demonspawn corrupters
  10 shard shrike simulacra
  43 war gargoyles
  5 draconian stormcallers
  6 orc warlords
  5 ghouls
  23 stone giants
  23 ironbound preservers
  37 cacodemons
  2 angels
  3 spriggan defenders (Depths:3)
  11 deep elf elementalists
  The ghost of Plog the Grappler, a journeyman TrFi of Wu Jian (D:13)
  54 very ugly things
  8 quicksilver oozes
  13 demonspawn blood saints (Pan)
  A spectral Killer Klown (Zot:3)
  2 caustic shrike skeletons
  2 ophanim
  9 ironbound thunderhulks
  21 reapers
  2 juggernaut skeletons (Pan)
  14 vampire knights
  6 demonspawn black suns (Pan)
  21 putrid mouths
  13 green draconians
  32 elemental wellsprings
  2 bennus (Tomb:3)
  9 black draconians
  7 deep elf demonologists
  4 starflowers (Abyss:4)
  A spectral titan (Tar:3)
  3 spark wasps
  8 deep elf annihilators
  23 lorocyprocas
  25 red draconians
  17 white draconians
  16 purple draconians
  16 wendigos
  5 dire elephants (Vaults:3)
  13 yellow draconians
  2 bunyips
  20 blizzard demons
  8 deep elf death magi
  2 spectral quicksilver dragons
  4 crystal guardians
  Snorg (D:10)
  18 iron golems
  15 eidola
  12 ettins
  22 green deaths
  An ettin (shapeshifter) (Vaults:5)
  6 deep elf high priests
  4 merfolk impalers
  7 fire dragons
  27 mummy priests
  A spectral iron giant (Tar:4)
  18 jiangshi
  A spectral golden dragon (Zot:3)
  4 merfolk javelineers
  An entropy weaver (Vaults:2)
  15 great orbs of eyes
  Fannar (Lair:3)
  13 yaktaur captains
  4 spectral spriggans
  5 ice dragons
  5 hell beasts
  A spriggan zombie (Abyss:4)
  14 rakshasas
  18 salamander tyrants
  3 hydras
  4 anacondas
  2 peacekeepers
  2 fenstrider witch zombies
  Erolcha (Orc:2)
  3 spriggan air magi
  A jorogumo (shapeshifter) (Depths:3)
  13 caustic shrike simulacra
  6 juggernaut simulacra
  11 ironbound frosthearts
  2 ogre magi (Orc:2)
  A fenstrider witch skeleton (Crypt:3)
  34 vault guards
  5 merfolk avatars
  A catoblepas (Shoals:3)
  A quicksilver dragon skeleton (Abyss:4)
  6 stokers
  4 boulder beetles
  36 dancing weapons
  7 centaur warriors
  An alligator snapping turtle (Shoals:4)
  4 two-headed ogres
  8 satyrs
  17 naga warriors
  46 death scarabs
  4 merfolk aquamancers
  7 deep troll earth magi
  A Killer Klown simulacrum (Zot:3)
  A spectral stone giant (Tar:1)
  3 death knights
  7 tengu warriors
  4 deep troll shamans
  13 vampire magi
  52 hell hogs
  2 orc high priests (Abyss:4)
  A quicksilver ooze zombie (Crypt:1)
  15 naga sharpshooters
  2 spriggan berserkers (Depths:2)
  21 hell knights
  3 death yaks (Shoals:3)
  2 spectral storm dragons (Zot:3)
  157 thrashing horrors
  37 deep elf knights
  2 titan zombies
  6 shock serpents
  Nergalle (Orc:2)
  40 soul eaters
  4 skysharks
  Sonja (D:13)
  102 sun demons
  77 wretched stars
  3 titan skeletons
  28 shadow wraiths
  Amaemon (D:11)
  Lodul (D:10)
  13 crystal echidnas
  11 glowing orange brains
  13 flayed ghosts
  14 spatial maelstroms
  A spectral bunyip (Tar:1)
  5 iron trolls
  4 death drakes
  5 quicksilver dragon simulacra
  2 spectral anacondas
  13 sea snakes
  66 deep trolls
  A golden dragon zombie (Depths:1)
  54 sixfirhies
  An iron troll (shapeshifter) (Abyss:4)
  30 skeletal warriors
  An orb spider (Abyss:1)
  An orange crystal statue (Abyss:4)
  2 swamp dragons
  An anaconda zombie (Abyss:4)
  20 shadow demons
  6 lindwurms
  A spectral iron dragon (Tar:3)
  13 spriggan simulacra
  4 salamander mystics
  A bog body (Abyss:4)
  25 phantasmal warriors
  A shadow dragon zombie (Tomb:3)
  30 deep elf archers
  A spectral hydra (Tar:3)
  27 wizards
  13 orc knights
  26 ironbound convokers
  An anaconda skeleton (Crypt:3)
  14 harpies
  36 deep elf pyromancers
  An obsidian statue (Vaults:3)
  6 naga ritualists
  A harpy (shapeshifter) (Vaults:5)
  11 necromancers
  9 manticores
  A mana viper (shapeshifter) (Depths:3)
  A wolf spider (Lair:3)
  64 ugly things
  39 deep elf zephyrmancers
  2 salamanders (shapeshifter)
  13 mana vipers
  12 cyclopes
  An iron giant skeleton (Crypt:2)
  2 wolf spiders (shapeshifter)
  A spectral ettin (Tar:4)
  13 orc sorcerers
  A spectral alligator snapping turtle (Tar:3)
  16 shining eyes
  A cyclops (shapeshifter) (Abyss:5)
  42 fauns
  30 salamanders
  25 black mambas
  5 will-o-the-wisps
  13 worldbinders
  An iron dragon skeleton (Crypt:3)
  A dire elephant zombie (Abyss:5)
  3 stone giant skeletons
  9 guardian serpents
  2 black mambas (shapeshifter)
  8 rust devils
  18 moths of wrath
  A goliath frog skeleton (Crypt:2)
  2 guardian serpents (shapeshifter)
  18 apocalypse crabs
  25 demonic crawlers
  A centaur zombie (Abyss:1)
  125 smoke demons
  12 eyes of devastation
  8 titan simulacra
  A torpor snail (Lair:4)
  9 merfolk sirens
  21 vault sentinels
  19 naga magi
  4 cane toads
  An elephant (shapeshifter) (Depths:3)
  3 gargoyles
  A storm dragon simulacrum (Zot:3)
  3 ice statues
  12 molten gargoyles (Geh:7)
  2 eyes of devastation (shapeshifter)
  2 naga skeletons (Pan)
  44 orange demons
  3 unseen horrors
  7 water nymphs
  A catoblepas zombie (Crypt:2)
  A komodo dragon (shapeshifter) (Elf:1)
  A cane toad (shapeshifter) (Abyss:1)
  An unseen horror zombie (Crypt:1)
  4 rime drakes (IceCv)
  32 hellions
  45 yaktaurs
  14 efreet
  11 komodo dragons
  A yellow draconian skeleton (Crypt:1)
  A grey draconian skeleton (Crypt:1)
  6 kobold demonologists
  2 bunyip simulacra
  34 tormentors
  18 freezing wraiths
  8 anaconda simulacra
  11 red devils
  13 ice devils
  4 iron giant simulacra
  8 tengu conjurers
  5 spectral harpies
  64 ancient zymes
  2 golden dragon simulacra
  A white draconian skeleton (Crypt:3)
  41 guardian mummies
  5 spectral nagas
  5 trolls
  A bloated husk (Abyss:4)
  4 harpy zombies
  A merfolk (shapeshifter) (Abyss:1)
  5 silent spectres
  7 polar bears
  27 merfolk
  A queen bee (shapeshifter) (Abyss:4)
  A polar bear (shapeshifter) (Elf:1)
  17 hornets
  2 shadow dragon simulacra
  33 hellwings
  40 blink frogs
  A wind drake (Shoals:1)
  5 harpy skeletons
  189 raiju
  A tarantella zombie (Crypt:2)
  2 iron dragon simulacra
  5 snapping turtles
  A draconian simulacrum (Zot:3)
  A jumping spider zombie (Crypt:3)
  5 stone giant simulacra
  4 dream sheep
  84 flying skulls
  3 air elementals
  A guardian serpent skeleton (Crypt:3)
  6 ettin skeletons
  3 jumping spiders
  91 slime creatures
  6 vampires
  9 fire elementals
  8 shadows
  17 wraiths
  78 ynoxinuls
  17 spriggans
  7 spriggan skeletons
  3 humans (shapeshifter)
  4 dire elephant simulacra
  23 ushabtiu
  6 fire bats
  2 alligator snapping turtle simulacra
  3 steam dragons
  3 basilisks
  15 water elementals
  19 yaks
  A hog (shapeshifter) (Abyss:5)
  18 vampire mosquitoes
  19 golden eyes
  6 hogs (Shoals:4)
  47 chaos spawn
  A redback (Lair:3)
  A fire bat (shapeshifter) (Vaults:4)
  83 neqoxecs
  2 wargs (shapeshifter)
  6 wargs
  260 large abominations
  A skyshark zombie (Crypt:1)
  20 spatial vortices
  22 harpy simulacra
  66 nagas
  An acid dragon (D:9)
  3 naga zombies
  A two-headed ogre skeleton (Tomb:2)
  12 hell hounds
  An acid dragon (shapeshifter) (Abyss:1)
  A cane toad zombie (Crypt:3)
  9 water moccasins
  4 floating eyes
  5 ettin simulacra
  113 small abominations
  5 black bears
  36 orc warriors
  7 ice beasts
  5 sky beasts
  6 boggarts
  13 ogres
  40 wolves
  A tengu (D:13)
  11 centaurs
  317 starcursed masses
  A phantom (D:4)
  A kobold brigand (D:12)
  12 bullfrogs
  A gnoll sergeant (D:6)
  6 earth elementals
  A human simulacrum (Depths:1)
  2 cyclops zombies
  6 naga simulacra
  16 scorpions
  4 necrophages
  14 wights
  15 killer bees
  A wolf zombie (Crypt:2)
  An electric eel (Lair:3)
  8 howler monkeys
  A troll skeleton (Crypt:1)
  5 lava snakes
  8 komodo dragon simulacra (IceCv)
  8 crimson imps
  15 jellies
  8 quasits
  6 hounds
  A gnoll bouda (D:6)
  7 orc priests
  2 centaur skeletons
  10 iron imps
  2 sleepcaps
  Jessica (D:3)
  4 iguanas
  Terence (D:2)
  Natasha (D:3)
  31 orc wizards
  6 hell rats (Hell)
  A deep dwarf skeleton (Crypt:1)
  44 mummies
  22 gnolls
  8 adders
  9 acid dragon simulacra (IceCv)
  2 shadow imps
  19 white imps
  17 ufetubi
  4 steam dragon simulacra (IceCv)
  An adder zombie (Crypt:3)
  3 worms (D:2)
  6 dart slugs
  77 orcs
  6 bats
  A bat skeleton (Crypt:1)
  12 endoplasms
  3 giant cockroaches
  21 goblins
  8 hobgoblins
  9 jackals (D:1)
  A quokka (D:1)
  4 ball pythons
  3 frilled lizards
  A frilled lizard skeleton (Crypt:2)
  11 kobolds
  4 rats
  2 ball lightnings (Pan)
  A butterfly (Depths:1)
  5 creeping infernos
  50 fire vortices
  9 lurking horrors
  2 spectral weapons
  129 starspawn tentacles
  3 tentacles (Abyss:2)
6828 creatures vanquished.

Vanquished Creatures (collateral kills)
  2 juggernauts (Dis:7)
  8 royal mummies (Tomb:1)
  A caustic shrike (Dis:3)
  A profane servitor (Tar:7)
  A doom hound (Tar:7)
  A Tzitzimitl (Tar:7)
  A Brimstone Fiend (Pan)
  2 Hell Sentinels (Dis:7)
  A tainted leviathan (Tar:7)
  A lich (Tomb:1)
  An Executioner (Pan)
  A pandemonium lord (Pan)
  A quicksilver elemental (Dis:7)
  2 iron dragons (Dis:7)
  2 balrugs (Pan)
  2 war gargoyles (Dis:7)
  A caustic shrike skeleton (Tomb:2)
  A demonspawn corrupter (Pan)
  2 cacodemons (Pan)
  2 bennus (Tomb:3)
  A demonspawn black sun (Pan)
  A putrid mouth (Tar:7)
  A lorocyproca (Pan)
  2 mummy priests (Tomb:2)
  3 iron golems (Dis:7)
  7 death scarabs (Tomb:3)
  5 sun demons (Pan)
  A sixfirhy (Pan)
  2 shadow wraiths (Tar:7)
  A shadow demon (Pan)
  3 large abominations (Pan)
  A shining eye (Pan)
  2 eyes of devastation (Pan)
  3 orange demons (Pan)
  9 guardian mummies
  A flying skull (Tomb:2)
  A ynoxinul (Pan)
  A chaos spawn (Pan)
  5 neqoxecs (Pan)
  4 mummies
88 creatures vanquished.

Vanquished Creatures (others)
  An ancient champion (Dis:1)
  A titan (Crypt:2)
  Grunn (Crypt:3)
  Kirke (Shoals:4)
  A nagaraja (Snake:4)
  A nargun (Coc:7)
  A quicksilver elemental (Dis:7)
  A balrug (Pan)
  2 shard shrike simulacra
  A draconian annihilator (Zot:1)
  A war gargoyle (Dis:7)
  An elemental wellspring (Coc:4)
  A red draconian (Zot:1)
  A wendigo (Coc:7)
  A spark wasp (Depths:4)
  A mummy priest (Tomb:3)
  A fire dragon (Depths:3)
  A rakshasa (Abyss:1)
  4 caustic shrike simulacra
  A spriggan zombie (Tomb:3)
  A juggernaut simulacrum (Coc:5)
  5 death scarabs (Tomb:3)
  A deep troll earth mage (Depths:1)
  A deep elf knight (Abyss:2)
  A wretched star (Abyss:1)
  A sixfirhy (Pan)
  A deep troll (Vaults:3)
  A deep elf archer (Abyss:2)
  A wizard (Pan)
  3 spriggan simulacra
  2 deep elf zephyrmancers
  A moth of wrath (Abyss:4)
  2 smoke demons (Pan)
  2 titan simulacra
  An orange demon (Pan)
  A hellion (Dis:3)
  2 raiju
  A jumping spider (Abyss:4)
  A vampire (Abyss:5)
  3 ushabtiu (Tomb:3)
  2 golden eyes (Abyss:6)
  A large abomination (Abyss:5)
  A human (Depths:3)
  2 chaos spawn (Pan)
  3 harpy simulacra (Coc:7)
  A hydra simulacrum (Coc:4)
  2 ettin simulacra (Coc:7)
  A quasit (Abyss:1)
  A small abomination (Abyss:6)
  An orc wizard (Orc:2)
  4 mummies (Tomb:3)
  An orc (Orc:2)
  10 ball lightnings (Pan)
  9 creeping infernos
  10 foxfires
  11 lurking horrors
  2 spectral weapons (Depths:4)
  200 starspawn tentacles
  6 tentacles (Abyss:2)
324 creatures vanquished.

Grand Total: 7240 creatures vanquished

Notes
Turn   | Place    | Note
-------+----------+-------------------------------------------
     0 | D:1      | Kurtz the Tengu Fighter began the quest for the Orb.
     0 | D:1      | Reached XP level 1. HP: 14/14 MP: 2/2
    71 | D:1      | Reached XP level 2. HP: 19/19 MP: 3/3
   477 | D:1      | Reached XP level 3. HP: 21/23 MP: 4/4
   815 | D:2      | Noticed Terence
   815 | D:2      | Found Cempocum's Book Shoppe.
   825 | D:2      | Killed Terence
   826 | D:2      | Reached XP level 4. HP: 18/28 MP: 5/5
  1041 | D:2      | Reached skill level 5 in Axes
  1074 | D:2      | Gained mutation: Your magical nature lets you fly swiftly
                  | and evasively. [Tengu growth]
  1074 | D:2      | Reached XP level 5. HP: 5/32 MP: 6/6
  1731 | D:3      | Noticed Jessica
  1741 | D:3      | Killed Jessica
  2265 | D:3      | Noticed Natasha
  2269 | D:3      | Killed Natasha
  2506 | D:4      | Reached XP level 6. HP: 29/37 MP: 7/7
  2616 | D:4      | Identified the +0 pair of gloves "Saduer" {rC+}
  2914 | D:4      | Reached XP level 7. HP: 37/41 MP: 8/8
  3244 | D:4      | Found a hazy altar of Hepliaklqana.
  3245 | D:4      | Found a shimmering altar of Xom.
  3246 | D:4      | Noticed a spectral ugly thing
  3407 | D:5      | Entered Level 5 of the Dungeon
  3577 | D:5      | Found a staircase to the Ecumenical Temple.
  3593 | Temple   | Entered the Ecumenical Temple
  3600 | Temple   | Became a worshipper of Warmaster Okawaru
  3662 | D:5      | Reached XP level 8. HP: 46/46 MP: 9/9
  3765 | D:5      | Reached skill level 10 in Axes
  3768 | D:5      | Reached skill level 1 in Dodging
  3940 | D:6      | Reached skill level 1 in Invocations
  4171 | D:6      | Reached * piety under Okawaru
  4506 | D:6      | Found Hucoaguc's Weapon Emporium.
  4922 | D:7      | Found a flagged portal.
  4933 | D:7      | Reached skill level 5 in Fighting
  4933 | D:7      | Reached XP level 9. HP: 44/54 MP: 11/11
  4944 | Bailey   | Entered a bailey
  5034 | Bailey   | Reached ** piety under Okawaru
  5168 | Bailey   | Noticed an orc knight
  5194 | Bailey   | Killed an orc knight
  5513 | Bailey   | Reached XP level 10. HP: 48/63 MP: 13/13
  5572 | Bailey   | Reached *** piety under Okawaru
  5802 | Bailey   | Noticed an orc warlord
  5826 | Bailey   | Killed an orc warlord
  6311 | D:7      | Reached **** piety under Okawaru
  7499 | D:8      | Noticed a two-headed ogre
  7512 | D:8      | Killed a two-headed ogre
  7525 | D:8      | Reached XP level 11. HP: 55/71 MP: 15/15
  7884 | D:8      | Found a staircase to the Lair.
  8374 | D:9      | Reached ***** piety under Okawaru
  8620 | D:9      | Found a glowing silver altar of Zin.
  8620 | D:9      | Found a shimmering blue altar of Sif Muna.
  8878 | D:10     | Entered Level 10 of the Dungeon
  8879 | D:10     | Found a staircase to the Orcish Mines.
  8905 | D:10     | Reached skill level 5 in Armour
  8907 | D:10     | Identified the +2 robe of Okawaru's Displeasure {Will-
                  | Int+6} (Okawaru gifted it to you on level 10 of the
                  | Dungeon)
  8907 | D:10     | Received a gift from Okawaru
  9351 | D:10     | Reached skill level 5 in Invocations
  9484 | D:10     | Noticed a deep elf pyromancer
  9493 | D:10     | Killed a deep elf pyromancer
  9527 | D:10     | Noticed Snorg
  9563 | D:10     | Killed Snorg
  9566 | D:10     | Reached skill level 10 in Fighting
  9651 | D:10     | Found a blossoming altar of Fedhas.
  9652 | D:10     | Found a shadowy altar of Dithmenos.
  9727 | D:10     | Reached skill level 15 in Axes
  9917 | D:11     | Noticed a cyclops
  9937 | D:11     | Killed a cyclops
  9938 | D:11     | Reached XP level 12. HP: 48/77 MP: 16/16
 10038 | D:11     | Noticed Lodul
 10052 | D:10     | Killed Lodul
 10317 | D:11     | Noticed a two-headed ogre
 10345 | D:11     | Killed a two-headed ogre
 10561 | D:11     | Noticed Amaemon
 10609 | D:11     | Identified the scarf of Going Fast {rC+ rF+, Will+ Int+2
                  | Dex+4} (Okawaru gifted it to you on level 11 of the
                  | Dungeon)
 10609 | D:11     | Received a gift from Okawaru
 11093 | D:11     | Killed Amaemon
 11236 | D:12     | Found a frozen archway.
 11257 | IceCv    | Entered an ice cave
 11563 | IceCv    | Noticed a white draconian
 11576 | IceCv    | Killed a white draconian
 12172 | D:12     | Reached skill level 5 in Shields
 12397 | D:12     | Reached XP level 13. HP: 67/84 MP: 18/18
 13232 | D:13     | Noticed Sonja
 13235 | D:13     | Killed Sonja
 13327 | D:13     | Found a huge runed gate.
 13327 | D:13     | Found a huge runed gate.
 13327 | D:13     | Found a huge runed gate.
 13327 | D:13     | Found a huge runed gate.
 13327 | D:13     | Found a huge runed gate.
 13327 | D:13     | Found a huge runed gate.
 13327 | D:13     | Found a huge runed gate.
 13327 | D:13     | Found a huge runed gate.
 13327 | D:13     | Found a huge runed gate.
 13327 | D:13     | Found a huge runed gate.
 13335 | D:13     | Found a huge runed gate.
 13336 | D:13     | Found a huge runed gate.
 13337 | D:13     | Found a huge runed gate.
 13338 | D:13     | Found a huge runed gate.
 13340 | D:13     | Found a huge runed gate.
 13340 | D:13     | Found a huge runed gate.
 13345 | D:13     | Found a huge runed gate.
 13441 | D:13     | Found a gate to the Vaults.
 13442 | D:13     | Noticed a yaktaur captain
 13446 | D:13     | Reached ****** piety under Okawaru
 13448 | D:13     | Received a gift from Okawaru
 13456 | D:13     | Killed a yaktaur captain
 13629 | D:13     | Found a huge runed gate.
 13630 | D:13     | Found a huge runed gate.
 13636 | D:13     | Found a huge runed gate.
 13636 | D:13     | Found a huge runed gate.
 13636 | D:13     | Found a huge runed gate.
 13636 | D:13     | Found a huge runed gate.
 13636 | D:13     | Found a huge runed gate.
 13636 | D:13     | Found a huge runed gate.
 13637 | D:13     | Found a huge runed gate.
 13650 | D:13     | Found a huge runed gate.
 13651 | D:13     | Found a huge runed gate.
 13660 | D:13     | Found a huge runed gate.
 13660 | D:13     | Found a huge runed gate.
 13660 | D:13     | Found a huge runed gate.
 13660 | D:13     | Found a huge runed gate.
 13660 | D:13     | Found a huge runed gate.
 13660 | D:13     | Found a huge runed gate.
 13661 | D:13     | Found a huge runed gate.
 13662 | D:13     | Found a huge runed gate.
 13726 | D:13     | Found a transporter.
 13800 | D:13     | Noticed Plog's ghost (journeyman TrFi)
 13809 | D:13     | Found a transporter.
 14264 | Lair:1   | Entered Level 1 of the Lair of Beasts
 15046 | Lair:2   | Found a staircase to the Shoals.
 15165 | Lair:2   | Found a staircase to the Snake Pit.
 15229 | Lair:2   | You are sucked into a shaft and drop 2 floors!
 15456 | Lair:2   | Received a gift from Okawaru
 15724 | Lair:1   | Acquired a manual of Fighting
 15784 | Lair:3   | Reached skill level 10 in Shields
 16043 | Lair:3   | Noticed Fannar
 16059 | Lair:3   | Killed Fannar
 16146 | Lair:3   | Reached XP level 14. HP: 90/90 MP: 19/19
 16498 | Lair:3   | Found a runed translucent door.
 17303 | Lair:4   | Found a staircase to the Slime Pits.
 17304 | Lair:4   | Found a viscous altar of Jiyva.
 17457 | Lair:4   | Received a gift from Okawaru
 18546 | Lair:5   | Entered Level 5 of the Lair of Beasts
 18551 | Lair:5   | Reached skill level 5 in Dodging
 18551 | Lair:5   | Reached XP level 15. HP: 98/98 MP: 20/20
 18684 | Lair:5   | Identified the +3 scale mail of Omoliz {rF+ rN+ Int+2 SInv}
                  | (Okawaru gifted it to you on level 5 of the Lair of Beasts)
 18684 | Lair:5   | Received a gift from Okawaru
 19120 | Lair:5   | Found the +7 great mace "Firestarter" {flame, immolate,
                  | rFlCloud rF++}
 20337 | Orc:1    | Entered Level 1 of the Orcish Mines
 20540 | Orc:1    | Found Dusohurgh's Weapon Emporium.
 20608 | Orc:1    | Found Ewipp's Book Shoppe.
 20687 | Orc:2    | Entered Level 2 of the Orcish Mines
 20687 | Orc:2    | Found Hesagici's Humungous Hoard.
 20700 | Orc:2    | Noticed an orc warlord
 20960 | D:10     | Killed an orc warlord
 21500 | Orc:2    | Found a staircase to the Elven Halls.
 21753 | Orc:2    | Reached skill level 15 in Fighting
 21781 | Orc:2    | Found Geaskif's Distillery.
 21820 | Orc:2    | Found a radiant altar of Vehumet.
 21821 | Orc:2    | Noticed Erolcha
 21834 | Orc:2    | Killed Erolcha
 21848 | Orc:2    | Found Leott's Book Emporium.
 21854 | Orc:2    | Noticed Nergalle
 21868 | Orc:2    | Killed Nergalle
 21874 | Orc:2    | Identified the +2 tower shield of Okawaru's Generosity {rC+
                  | rCorr Dex+3} (Okawaru gifted it to you on level 2 of the
                  | Orcish Mines)
 21874 | Orc:2    | Received a gift from Okawaru
 21876 | Orc:2    | Found Huesoqih's Jewellery Shoppe.
 21878 | Orc:2    | Found an ancient bone altar of Kikubaaqudgha.
 22021 | Orc:2    | Found Ronae's Antique Weapon Emporium.
 22044 | Orc:2    | Bought a +4 ring of slaying for 936 gold pieces
 22138 | Orc:2    | Bought a +2 hat for 240 gold pieces
 22402 | Lair:3   | Found a runed translucent gate.
 22403 | Lair:3   | Found a runed translucent gate.
 22416 | Lair:3   | Found a runed translucent gate.
 22416 | Lair:3   | Found a runed translucent gate.
 22416 | Lair:3   | Found a runed translucent gate.
 22417 | Lair:3   | Identified the +5 whip of Dabeq {freeze, Int+3 SInv}
 22418 | Lair:3   | Found a runed translucent gate.
 22444 | Lair:3   | Reached XP level 16. HP: 71/111 MP: 21/21
 22554 | Lair:3   | Identified the amulet "Uclu" {Reflect rCorr SH+5}
 22804 | Orc:2    | Bought a potion of heal wounds for 65 gold pieces
 22804 | Orc:2    | Bought a potion of berserk rage for 65 gold pieces
 22804 | Orc:2    | Bought 2 potions of ambrosia for 208 gold pieces
 22804 | Orc:2    | Bought a potion of curing for 39 gold pieces
 22804 | Orc:2    | Bought 2 potions of might for 104 gold pieces
 22995 | D:13     | Noticed a sphinx
 22995 | D:13     | Noticed a shadow dragon
 23523 | D:13     | Killed a sphinx
 23567 | D:13     | Killed a shadow dragon
 23772 | D:13     | Identified the +4 quarterstaff of the Gnashing Saviour
                  | {protect, Will++}
 23918 | D:14     | Found a portal to a secret trove of treasure.
 24039 | D:14     | Found Vaf Usoo's Weapon Shoppe.
 24831 | D:15     | Entered Level 15 of the Dungeon
 24846 | D:15     | Found a shadowy altar of Dithmenos.
 25105 | D:15     | Identified the scarf "Topemir" {shadows, rCorr} (Okawaru
                  | gifted it to you on level 15 of the Dungeon)
 25105 | D:15     | Received a gift from Okawaru
 25635 | D:15     | Got the Incunabulum of the Tropics and Transposition
 25822 | D:15     | Found a staircase to the Depths.
 26354 | Shoals:1 | Entered Level 1 of the Shoals
 27267 | Shoals:2 | Noticed Jorgrun
 27281 | Shoals:2 | Killed Jorgrun
 27542 | Shoals:2 | Noticed Ilsuiw
 27750 | Shoals:1 | Reached XP level 17. HP: 118/120 MP: 22/22
 28177 | Shoals:1 | Killed Ilsuiw
 28450 | Shoals:2 | Identified the +6 hand axe "Xiweng" {venom, Int+3 Dex+3}
                  | (Okawaru gifted it to you on level 2 of the Shoals)
 28450 | Shoals:2 | Received a gift from Okawaru
 28722 | Shoals:2 | Reached skill level 15 in Shields
 29139 | Shoals:2 | Identified the ring "Vypt" {Wiz Dex+2}
 29436 | Shoals:2 | Identified the +2 hat "Telluut" {Regen+} (Okawaru gifted it
                  | to you on level 2 of the Shoals)
 29436 | Shoals:2 | Received a gift from Okawaru
 30185 | Shoals:3 | Noticed Polyphemus
 30203 | Shoals:3 | Killed Polyphemus
 30563 | Shoals:3 | Noticed Louise
 30578 | Shoals:3 | Killed Louise
 31314 | Shoals:4 | Entered Level 4 of the Shoals
 31317 | Shoals:4 | Noticed Mlioglotl
 31318 | Shoals:4 | Found Tuddus's Antique Armour Shoppe.
 31325 | Shoals:4 | Killed Mlioglotl
 31648 | Shoals:4 | Identified the +10 crystal plate armour "Xiliw" {+Inv rPois
                  | rF++ Str+3} (Okawaru gifted it to you on level 4 of the
                  | Shoals)
 31648 | Shoals:4 | Received a gift from Okawaru
 31650 | Shoals:4 | Noticed Aizul
 31818 | Shoals:3 | Killed Aizul
 31825 | Shoals:4 | Reached XP level 18. HP: 122/126 MP: 23/23
 31970 | Shoals:4 | Reached skill level 10 in Armour
 32154 | Shoals:4 | Identified the ring of Bopnir {rC+ rN+}
 32333 | Shoals:4 | Noticed Kirke
 32334 | Shoals:4 | Noticed Nikola
 32345 | Shoals:4 | Reached skill level 10 in Dodging
 32348 | Shoals:4 | Killed Kirke
 32356 | Shoals:4 | Killed Nikola
 32751 | Shoals:4 | Got a barnacled rune of Zot
 33241 | Snake:1  | Entered Level 1 of the Snake Pit
 34154 | Snake:2  | Received a gift from Okawaru
 34387 | Snake:2  | Found a runed translucent door.
 34391 | Snake:2  | Noticed Xrynn's ghost (journeyman MiFi)
 35251 | Snake:3  | Identified the +7 chain mail of the Falcon {*Corrode Regen+
                  | Str+3} (Okawaru gifted it to you on level 3 of the Snake
                  | Pit)
 35251 | Snake:3  | Received a gift from Okawaru
 35344 | Snake:3  | Reached XP level 19. HP: 114/131 MP: 24/24
 35873 | Snake:4  | Entered Level 4 of the Snake Pit
 36635 | Snake:4  | Received a gift from Okawaru
 36747 | Snake:4  | Got a serpentine rune of Zot
 37155 | Orc:2    | Bought a potion of haste for 150 gold pieces
 37193 | Orc:2    | Bought a potion of curing for 39 gold pieces
 37193 | Orc:2    | Bought a potion of mutation for 104 gold pieces
 37327 | D:13     | Killed Plog's ghost
 37337 | D:13     | Got the Guide on Harmful Modification
 37674 | Snake:2  | Killed Xrynn's ghost
 38123 | Elf:1    | Entered Level 1 of the Elven Halls
 38123 | Elf:1    | Found a runed translucent gate.
 38123 | Elf:1    | Found a runed translucent gate.
 38123 | Elf:1    | Found a runed translucent gate.
 38123 | Elf:1    | Found a runed translucent gate.
 38123 | Elf:1    | Found a runed translucent gate.
 38123 | Elf:1    | Found a runed translucent gate.
 38124 | Elf:1    | Found a runed translucent door.
 38134 | Elf:1    | Found a runed translucent door.
 38232 | Elf:1    | Found Adoagrira's Antique Weapon Shop.
 38250 | Elf:1    | Identified the +4 short sword of the Vestibule of Hell
                  | {venom, Dex+4}
 38271 | Elf:1    | Found Elifas's Magic Scroll Boutique.
 38280 | Elf:1    | Bought a scroll of brand weapon for 142 gold pieces
 38281 | Elf:1    | Bought a scroll of enchant armour for 112 gold pieces
 38295 | Elf:1    | Found Bile's Antique Weapon Shoppe.
 38445 | Elf:1    | Found Cime's Distillery.
 38451 | Elf:1    | Bought a potion of heal wounds for 85 gold pieces
 38451 | Elf:1    | Bought a potion of resistance for 170 gold pieces
 38477 | Elf:1    | Identified the +1 pair of gloves "Uclaqo" {-Tele +Inv rPois
                  | rCorr} (Okawaru gifted it to you on level 1 of the Elven
                  | Halls)
 38477 | Elf:1    | Received a gift from Okawaru
 38799 | Elf:1    | Found Afuer's General Store.
 38802 | Elf:1    | Bought a wand of digging (8) for 504 gold pieces
 38870 | Elf:1    | Reached XP level 20. HP: 137/137 MP: 25/25
 40115 | Elf:2    | Paralysed by an air elemental for 1 turns
 40272 | Elf:2    | Found a runed translucent gate.
 40272 | Elf:2    | Found a runed translucent gate.
 40272 | Elf:2    | Found a runed translucent gate.
 40924 | Elf:2    | Identified the +0 executioner's axe "Wabosai" {venom,
                  | rElec} (Okawaru gifted it to you on level 2 of the Elven
                  | Halls)
 40924 | Elf:2    | Received a gift from Okawaru
 41340 | Elf:2    | Reached skill level 15 in Dodging
 41554 | Elf:3    | Entered Level 3 of the Elven Halls
 41554 | Elf:3    | Found Janyikich's Book Shoppe.
 41561 | Elf:3    | Found Bucaps's Armour Shoppe.
 41592 | Elf:3    | Found Otymuhou's Jewellery Shop.
 41646 | Elf:3    | Noticed Zenata
 41684 | Elf:3    | Killed Zenata
 41731 | Elf:3    | Noticed Asterion
 41742 | Elf:3    | Killed Asterion
 42327 | D:14     | You paid a toll of a +6 demon blade to enter a treasure
                  | trove
 42328 | Trove    | Entered a treasure trove
 42356 | Trove    | Identified the ring "Urrinkufu" {Will+ Str+6 Int+2 Slay+3}
 42360 | Trove    | Identified the ring "Zeidauwo" {rElec AC+4}
 42765 | Elf:3    | Received a gift from Okawaru
 42950 | Elf:2    | Reached XP level 21. HP: 142/142 MP: 26/26
 43219 | Elf:3    | Found Rabawito's General Store.
 43254 | Elf:3    | Reached XP level 22. HP: 149/149 MP: 27/27
 43318 | Elf:3    | Identified the +0 robe "Sitep" {Dex+3} (Okawaru gifted it
                  | to you on level 3 of the Elven Halls)
 43318 | Elf:3    | Received a gift from Okawaru
 43920 | Elf:3    | Found the +5 Lochaber axe {reach-cleave, Poleaxe Drain}
 43925 | Elf:3    | Identified the +0 leather armour "Qoukk" {*Slow rPois
                  | Str+4}
 43926 | Elf:3    | Identified the ring of Dosyehue {Fire Contam rN+ rCorr
                  | Slay+2 SInv}
 43958 | Elf:3    | Identified the +0 scimitar of the Dancing Firefly {drain,
                  | Contam MP-9 Int+5 SInv}
 43970 | Elf:3    | Identified the amulet of the Pure Deaths {Faith Harm rF+
                  | Regen+}
 44253 | Elf:1    | Bought a potion of curing for 51 gold pieces
 44253 | Elf:1    | Bought a potion of mutation for 136 gold pieces
 44253 | Elf:1    | Bought a potion of magic for 136 gold pieces
 44262 | Elf:1    | Learned a level 8 spell: Ignition
 44298 | Orc:1    | Bought a book of Sloth for 432 gold pieces
 44305 | Orc:1    | Learned a level 6 spell: Statue Form
 44357 | Elf:1    | Bought a potion of mutation for 136 gold pieces
 44357 | Elf:1    | Bought a potion of curing for 51 gold pieces
 44490 | Vaults:1 | Entered Level 1 of the Vaults
 44517 | Vaults:1 | Found Wijuqeal's General Store.
 44982 | Vaults:1 | Received a gift from Okawaru
 46031 | Vaults:2 | Reached skill level 15 in Armour
 46175 | Vaults:2 | Reached XP level 23. HP: 160/160 MP: 28/28
 46999 | Vaults:3 | Noticed Margery
 47020 | Vaults:3 | Identified the +0 robe of Understanding {*Corrode Str+3
                  | Int+3} (Okawaru gifted it to you on level 3 of the Vaults)
 47020 | Vaults:3 | Received a gift from Okawaru
 47024 | Vaults:3 | Killed Margery
 47026 | Vaults:3 | Found a staircase to the Crypt.
 47205 | Vaults:3 | Identified the +10 hand axe of Toothy Punishment {heavy,
                  | rC+++ rCorr Dex-3 SInv}
 47302 | Vaults:3 | Found a runed translucent gate.
 47305 | Vaults:3 | Found a runed translucent gate.
 47305 | Vaults:3 | Found a runed translucent gate.
 47307 | Vaults:3 | Noticed Ompu Vos's ghost (adept DsMo)
 47307 | Vaults:3 | Noticed ragingrage's ghost (veteran HOFi)
 47322 | Vaults:3 | Identified the +5 flail "Ripueka" {flame, Str+4 SInv}
 47629 | Vaults:3 | Found Feshrunip's General Store.
 47968 | Vaults:3 | Killed Ompu Vos's ghost
 47981 | Vaults:3 | Killed ragingrage's ghost
 48157 | Vaults:4 | Received a gift from Okawaru
 48650 | Vaults:4 | Reached XP level 24. HP: 162/166 MP: 28/28
 48961 | Vaults:5 | Entered Level 5 of the Vaults
 49346 | Vaults:5 | Identified the ring of Naarot {Will+ Int+3 SInv Stlth-}
 49353 | Vaults:5 | Found the +4 moon troll leather armour {Spirit, Regen++
                  | MP+5}
 49384 | Vaults:5 | Received a gift from Okawaru
 49385 | Vaults:5 | Identified the ring "Baimauf" {Ice Will+ Str+2 Dex+2}
 49385 | Vaults:5 | Found the +6 arbalest "Damnation" {damnation}
 49446 | Vaults:5 | Noticed an ancient lich
 49481 | Vaults:5 | Killed an ancient lich
 49615 | Vaults:5 | Identified the amulet "Ziwkian" {Acrobat rF+}
 49629 | Vaults:5 | Identified the +6 great sword "Kessuuk" {freeze, rF+}
 49676 | Vaults:5 | Identified the staff of earth "Piepraen" {rC- Will+ Int+3}
 49742 | Vaults:5 | Identified the +3 arbalest "Lifebane" {drain, Int+4}
 49887 | Vaults:5 | Identified the +0 plate armour of Hedging {rN+++ Will-}
                  | (Okawaru gifted it to you on level 5 of the Vaults)
 49887 | Vaults:5 | Received a gift from Okawaru
 50445 | Vaults:5 | Identified the +2 robe of Evuiw {rPois rC+ rN+++ Dex-4}
 50607 | Vaults:5 | Got a silver rune of Zot
 50917 | Vaults:1 | Bought a potion of haste for 180 gold pieces
 50917 | Vaults:1 | Bought a scroll of immolation for 72 gold pieces
 51039 | Depths:1 | Entered Level 1 of the Depths
 51062 | Depths:1 | Reached XP level 25. HP: 171/171 MP: 26/28
 51180 | Depths:1 | Identified the amulet of Otes {Spirit rElec rN+}
 51343 | Depths:1 | Found a gateway to Hell.
 51519 | Depths:1 | Found a white marble altar of Elyvilon.
 51561 | Depths:1 | You are sucked into a shaft and drop 1 floor!
 51561 | Depths:2 | Found a runed translucent door.
 51611 | Depths:2 | Identified the +0 pair of gloves of the Northern Lights
                  | {Int+4} (Okawaru gifted it to you on level 2 of the Depths)
 51611 | Depths:2 | Received a gift from Okawaru
 51687 | Depths:2 | Identified the ring "Boruha" {Fire Int+5}
 51769 | Depths:2 | Noticed a shard shrike
 51769 | Depths:2 | Noticed a shard shrike
 51769 | Depths:2 | Noticed a shard shrike
 51771 | Depths:2 | Noticed a shard shrike
 51774 | Depths:2 | Killed a shard shrike
 51781 | Depths:2 | Killed a shard shrike
 51785 | Depths:2 | Killed a shard shrike
 51786 | Depths:2 | Found a runed translucent door.
 51789 | Depths:2 | Killed a shard shrike
 52043 | Depths:2 | Got the Folio of Causimancy
 52045 | Depths:2 | Got Sif Muna's Almanac of the Squall
 52049 | Depths:2 | Got the Vellum of Excavation
 52178 | Depths:2 | Found a runed translucent door.
 52241 | Depths:2 | Noticed Xutext's ghost (adept DsAK)
 52313 | Depths:2 | Found a one-way gate leading to the halls of Pandemonium.
 52630 | Depths:2 | Identified the +5 scale mail of Dishonesty {rCorr Int+3
                  | Slay+6}
 52672 | Depths:2 | Reached skill level 27 in Armour
 52707 | Depths:2 | Noticed Bai Suzhen
 52721 | Depths:2 | Found Qytijat's Armour Boutique.
 52728 | Depths:2 | Killed Bai Suzhen
 52733 | Depths:2 | Found Vefamotz's Weapon Shoppe.
 52805 | Depths:2 | Found a one-way gateway to a ziggurat.
 53116 | Depths:3 | Noticed Mennas
 53173 | Depths:3 | Killed Mennas
 53173 | Depths:3 | Received a gift from Okawaru
 53316 | Depths:3 | Noticed the Enchantress
 53343 | Depths:3 | Killed the Enchantress
 53402 | Depths:3 | Found a one-way gate to the infinite horrors of the Abyss.
 53439 | Depths:3 | Reached XP level 26. HP: 142/179 MP: 28/28
 53607 | Depths:3 | Noticed Parghit
 53626 | Depths:3 | Killed Parghit
 53626 | Depths:3 | Identified the +0 ring mail "Tocich" {rPois rF+ Str-3
                  | Int+6} (Okawaru gifted it to you on level 3 of the Depths)
 53626 | Depths:3 | Received a gift from Okawaru
 54388 | Depths:4 | Entered Level 4 of the Depths
 54409 | Depths:4 | Found Noawienn's Assorted Antiques.
 54417 | Depths:4 | Bought 2 potions of cancellation for 592 gold pieces
 54418 | Depths:4 | Bought a scroll of brand weapon for 351 gold pieces
 54419 | Depths:4 | Bought 2 potions of curing for 222 gold pieces
 54419 | Depths:4 | Bought a scroll of magic mapping for 277 gold pieces
 54844 | Depths:4 | Found the +27 heavy crossbow "Sniper" {heavy, Acc+∞ SInv}
 55328 | Depths:4 | Found a gate to the Realm of Zot.
 55420 | Depths:2 | Killed Xutext's ghost
 55429 | Depths:2 | Got the Omnibus of the Xenolith
 56178 | Temple   | Fell from the grace of Okawaru
 56178 | Temple   | Became a worshipper of the Shining One
 56503 | Crypt:1  | Entered Level 1 of the Crypt
 56831 | Crypt:1  | Reached * piety under the Shining One
 56932 | Crypt:1  | Reached ** piety under the Shining One
 57167 | Crypt:1  | Reached skill level 1 in Spellcasting
 57287 | Crypt:1  | Reached *** piety under the Shining One
 57297 | Crypt:1  | Reached skill level 1 in Earth Magic
 57310 | Crypt:1  | Noticed Frederick
 57322 | Crypt:1  | Killed Frederick
 57535 | Crypt:1  | Reached **** piety under the Shining One
 57764 | Crypt:1  | Reached ***** piety under the Shining One
 58407 | Crypt:3  | Entered Level 3 of the Crypt
 58510 | Crypt:3  | Reached ****** piety under the Shining One
 58519 | Crypt:3  | Reached XP level 27. HP: 188/188 MP: 29/29
 58583 | Crypt:3  | Noticed Grunn
 58809 | Crypt:3  | Identified a +9 broad axe of holy wrath (a +9 broad axe of
                  | freezing blessed by the Shining One)
 58809 | Crypt:3  | Received a gift from the Shining One
 58809 | Crypt:3  | Killed Grunn
 59300 | D:13     | Learned a level 9 spell: Polar Vortex
 59407 | D:9      | Fell from the grace of the Shining One
 59407 | D:9      | Became a worshipper of Zin the Law-Giver
 59407 | D:9      | Reached * piety under Zin
 59407 | D:9      | Reached ** piety under Zin
 59407 | D:9      | Reached *** piety under Zin
 59407 | D:9      | Reached **** piety under Zin
 59407 | D:9      | Reached ***** piety under Zin
 59665 | Depths:3 | Voluntarily entered the Abyss.
 59687 | Abyss:1  | Found a corrupted altar of Lugonu.
 59772 | Abyss:1  | Found a corrupted altar of Lugonu.
 59788 | Abyss:1  | Found a corrupted altar of Lugonu.
 59943 | Abyss:1  | Found a corrupted altar of Lugonu.
 59958 | Abyss:1  | Found a corrupted altar of Lugonu.
 59982 | Abyss:1  | Reached skill level 1 in Ice Magic
 60147 | Depths:3 | Escaped the Abyss
 60149 | Depths:3 | Voluntarily entered the Abyss.
 60149 | Abyss:1  | Found a corrupted altar of Lugonu.
 60241 | Depths:3 | Escaped the Abyss
 60243 | Depths:3 | Voluntarily entered the Abyss.
 60647 | Depths:3 | Escaped the Abyss
 60649 | Depths:3 | Voluntarily entered the Abyss.
 60921 | Abyss:1  | Found a shadowy altar of Dithmenos.
 60981 | Abyss:1  | Found a shadowy altar of Dithmenos.
 61130 | Abyss:1  | Found a shadowy altar of Dithmenos.
 61199 | Depths:3 | Escaped the Abyss
 61201 | Depths:3 | Voluntarily entered the Abyss.
 61290 | Depths:3 | Escaped the Abyss
 61292 | Depths:3 | Voluntarily entered the Abyss.
 61573 | Abyss:1  | Found a corrupted altar of Lugonu.
 61654 | Abyss:1  | Found a corrupted altar of Lugonu.
 62042 | Abyss:1  | Found a corrupted altar of Lugonu.
 62858 | Depths:3 | Escaped the Abyss
 62860 | Depths:3 | Voluntarily entered the Abyss.
 62866 | Depths:3 | Escaped the Abyss
 62868 | Depths:3 | Voluntarily entered the Abyss.
 63062 | Abyss:1  | Reached ****** piety under Zin
 63269 | Depths:3 | Escaped the Abyss
 63271 | Depths:3 | Voluntarily entered the Abyss.
 63274 | Abyss:1  | Found a corrupted altar of Lugonu.
 63429 | Abyss:2  | Found a corrupted altar of Lugonu.
 63905 | Depths:3 | Escaped the Abyss
 63907 | Depths:3 | Voluntarily entered the Abyss.
 63907 | Abyss:2  | Found a corrupted altar of Lugonu.
 64137 | Abyss:2  | Found a corrupted altar of Lugonu.
 64149 | Abyss:2  | Found a corrupted altar of Lugonu.
 64149 | Abyss:2  | Found a corrupted altar of Lugonu.
 64224 | Depths:3 | Escaped the Abyss
 64226 | Depths:3 | Voluntarily entered the Abyss.
 64256 | Depths:3 | Escaped the Abyss
 64258 | Depths:3 | Voluntarily entered the Abyss.
 64457 | Depths:3 | Escaped the Abyss
 64459 | Depths:3 | Voluntarily entered the Abyss.
 64550 | Abyss:2  | Was forgiven by Okawaru
 65248 | Depths:3 | Escaped the Abyss
 65250 | Depths:3 | Voluntarily entered the Abyss.
 65358 | Abyss:2  | Found a corrupted altar of Lugonu.
 65740 | Abyss:2  | Found a corrupted altar of Lugonu.
 65746 | Abyss:2  | Found a corrupted altar of Lugonu.
 65746 | Abyss:2  | Found a corrupted altar of Lugonu.
 65798 | Abyss:2  | Noticed a dread lich
 65807 | Abyss:2  | Killed a dread lich
 65810 | Depths:3 | Escaped the Abyss
 65879 | Depths:3 | Voluntarily entered the Abyss.
 65887 | Abyss:2  | Found a corrupted altar of Lugonu.
 65905 | Abyss:3  | Found a corrupted altar of Lugonu.
 66025 | Abyss:3  | Reached skill level 27 in Fighting
 66041 | Abyss:3  | Got an abyssal rune of Zot
 66048 | Abyss:3  | Found a corrupted altar of Lugonu.
 66152 | Depths:3 | Escaped the Abyss
 66154 | Depths:3 | Voluntarily entered the Abyss.
 66188 | Depths:3 | Escaped the Abyss
 66190 | Depths:3 | Voluntarily entered the Abyss.
 66256 | Depths:3 | Escaped the Abyss
 66258 | Depths:3 | Voluntarily entered the Abyss.
 66418 | Abyss:4  | Paralysed by accursed screaming for 1 turns
 66472 | Depths:3 | Escaped the Abyss
 66513 | Depths:3 | Voluntarily entered the Abyss.
 66598 | Depths:3 | Escaped the Abyss
 66600 | Depths:3 | Voluntarily entered the Abyss.
 66703 | Abyss:4  | Found a corrupted altar of Lugonu.
 66724 | Abyss:4  | Found a corrupted altar of Lugonu.
 66762 | Depths:3 | Escaped the Abyss
 66764 | Depths:3 | Voluntarily entered the Abyss.
 66764 | Abyss:4  | Found a corrupted altar of Lugonu.
 67103 | Depths:3 | Escaped the Abyss
 67105 | Depths:3 | Voluntarily entered the Abyss.
 67200 | Depths:3 | Escaped the Abyss
 67202 | Depths:3 | Voluntarily entered the Abyss.
 67285 | Abyss:4  | Paralysed by accursed screaming for 1 turns
 67340 | Abyss:4  | Found an iron altar of Okawaru.
 67467 | Abyss:4  | Found a corrupted altar of Lugonu.
 67541 | Abyss:4  | Reached skill level 27 in Shields
 67567 | Depths:3 | Escaped the Abyss
 67661 | Depths:3 | Voluntarily entered the Abyss.
 67661 | Abyss:4  | Found a corrupted altar of Lugonu.
 67670 | Abyss:4  | Found a corrupted altar of Lugonu.
 67767 | Depths:3 | Escaped the Abyss
 67769 | Depths:3 | Voluntarily entered the Abyss.
 67769 | Abyss:4  | Found a corrupted altar of Lugonu.
 67769 | Abyss:4  | Found a corrupted altar of Lugonu.
 67839 | Depths:3 | Escaped the Abyss
 67841 | Depths:3 | Voluntarily entered the Abyss.
 67945 | Depths:3 | Escaped the Abyss
 67947 | Depths:3 | Voluntarily entered the Abyss.
 68049 | Abyss:4  | Found a corrupted altar of Lugonu.
 68056 | Depths:3 | Escaped the Abyss
 68058 | Depths:3 | Voluntarily entered the Abyss.
 68183 | Depths:3 | Escaped the Abyss
 68185 | Depths:3 | Voluntarily entered the Abyss.
 68205 | Depths:3 | Escaped the Abyss
 68207 | Depths:3 | Voluntarily entered the Abyss.
 68257 | Abyss:4  | Found a corrupted altar of Lugonu.
 68274 | Abyss:4  | Found a corrupted altar of Lugonu.
 68291 | Abyss:4  | Found a corrupted altar of Lugonu.
 68489 | Depths:3 | Escaped the Abyss
 68491 | Depths:3 | Voluntarily entered the Abyss.
 68491 | Abyss:4  | Found a corrupted altar of Lugonu.
 68491 | Abyss:4  | Found a corrupted altar of Lugonu.
 68520 | Depths:3 | Escaped the Abyss
 68522 | Depths:3 | Voluntarily entered the Abyss.
 68540 | Abyss:4  | Paralysed by accursed screaming for 1 turns
 68699 | Abyss:4  | Found a viscous altar of Jiyva.
 68857 | Abyss:4  | Found a corrupted altar of Lugonu.
 68905 | Depths:3 | Escaped the Abyss
 68907 | Depths:3 | Voluntarily entered the Abyss.
 68949 | Abyss:4  | Found a shimmering blue altar of Sif Muna.
 68949 | Abyss:4  | Identified the amulet of the Cast Vote {RegenMP Int+3}
 69009 | Abyss:4  | Got the Tome of the Throng
 69111 | Depths:3 | Escaped the Abyss
 69113 | Depths:3 | Voluntarily entered the Abyss.
 69113 | Abyss:4  | Found a corrupted altar of Lugonu.
 69217 | Depths:3 | Escaped the Abyss
 69219 | Depths:3 | Voluntarily entered the Abyss.
 69231 | Abyss:4  | Found a corrupted altar of Lugonu.
 69240 | Abyss:4  | Found a corrupted altar of Lugonu.
 69243 | Abyss:4  | Found a corrupted altar of Lugonu.
 69513 | Abyss:4  | Found a corrupted altar of Lugonu.
 69537 | Depths:3 | Escaped the Abyss
 69641 | Depths:3 | Voluntarily entered the Abyss.
 69850 | Depths:3 | Escaped the Abyss
 69975 | Depths:3 | Voluntarily entered the Abyss.
 70041 | Abyss:4  | Paralysed by you for 2 turns
 70081 | Abyss:4  | Paralysed by accursed screaming for 1 turns
 70126 | Abyss:4  | Reached skill level 10 in Invocations
 70142 | Depths:3 | Escaped the Abyss
 70144 | Depths:3 | Voluntarily entered the Abyss.
 70713 | Depths:3 | Escaped the Abyss
 70715 | Depths:3 | Voluntarily entered the Abyss.
 70822 | Abyss:4  | Found a corrupted altar of Lugonu.
 71231 | Depths:3 | Escaped the Abyss
 71233 | Depths:3 | Voluntarily entered the Abyss.
 71233 | Abyss:5  | Found a corrupted altar of Lugonu.
 71277 | Abyss:5  | Found a corrupted altar of Lugonu.
 71326 | Depths:3 | Escaped the Abyss
 71328 | Depths:3 | Voluntarily entered the Abyss.
 71328 | Abyss:5  | Found a corrupted altar of Lugonu.
 71339 | Depths:3 | Escaped the Abyss
 71341 | Depths:3 | Voluntarily entered the Abyss.
 71507 | Depths:3 | Escaped the Abyss
 71549 | Depths:3 | Voluntarily entered the Abyss.
 71680 | Depths:3 | Escaped the Abyss
 71682 | Depths:3 | Voluntarily entered the Abyss.
 71845 | Depths:3 | Escaped the Abyss
 71847 | Depths:3 | Voluntarily entered the Abyss.
 71847 | Abyss:5  | Found a corrupted altar of Lugonu.
 71904 | Abyss:5  | Found a corrupted altar of Lugonu.
 71924 | Abyss:5  | Noticed a dread lich
 71932 | Abyss:5  | Killed a dread lich
 72199 | Depths:3 | Escaped the Abyss
 72201 | Depths:3 | Voluntarily entered the Abyss.
 72297 | Depths:3 | Escaped the Abyss
 72364 | Depths:3 | Voluntarily entered the Abyss.
 72364 | Abyss:5  | Found a corrupted altar of Lugonu.
 72425 | Abyss:5  | Found a corrupted altar of Lugonu.
 72582 | Depths:3 | Escaped the Abyss
 72584 | Depths:3 | Voluntarily entered the Abyss.
 72610 | Abyss:5  | Noticed an ancient lich
 72619 | Abyss:5  | Killed an ancient lich
 72682 | Abyss:5  | Found a corrupted altar of Lugonu.
 72729 | Depths:3 | Escaped the Abyss
 72731 | Depths:3 | Voluntarily entered the Abyss.
 73113 | Depths:3 | Escaped the Abyss
 73115 | Depths:3 | Voluntarily entered the Abyss.
 73208 | Depths:3 | Escaped the Abyss
 73210 | Depths:3 | Voluntarily entered the Abyss.
 73266 | Abyss:5  | Found a corrupted altar of Lugonu.
 73464 | Abyss:6  | Paralysed by accursed screaming for 1 turns
 73501 | Depths:3 | Escaped the Abyss
 73646 | Depths:3 | Voluntarily entered the Abyss.
 73646 | Abyss:6  | Noticed a dread lich
 73646 | Abyss:6  | Found a corrupted altar of Lugonu.
 73663 | Abyss:6  | Found a corrupted altar of Lugonu.
 73812 | Abyss:6  | Killed a dread lich
 73821 | Abyss:6  | Reached skill level 27 in Dodging
 73851 | Depths:3 | Escaped the Abyss
 73959 | Depths:3 | Voluntarily entered the Abyss.
 73959 | Abyss:6  | Found a corrupted altar of Lugonu.
 74014 | Abyss:6  | Paralysed by accursed screaming for 2 turns
 74015 | Abyss:6  | Reached skill level 5 in Earth Magic
 74022 | Abyss:6  | Found a corrupted altar of Lugonu.
 74035 | Abyss:6  | Paralysed by accursed screaming for 1 turns
 74091 | Abyss:6  | Paralysed by accursed screaming for 2 turns
 74175 | Depths:3 | Escaped the Abyss
 74303 | Depths:3 | Voluntarily entered the Abyss.
 74359 | Depths:3 | Escaped the Abyss
 74434 | Depths:3 | Voluntarily entered the Abyss.
 74434 | Abyss:6  | Found a corrupted altar of Lugonu.
 74489 | Depths:3 | Escaped the Abyss
 74491 | Depths:3 | Voluntarily entered the Abyss.
 74579 | Abyss:6  | Reached skill level 10 in Earth Magic
 74672 | Depths:3 | Escaped the Abyss
 74817 | Zot:1    | Entered Level 1 of the Realm of Zot
 75009 | Zot:1    | Paralysed by a floating eye for 3 turns
 75015 | Zot:1    | Noticed a dread lich
 75016 | Zot:1    | Noticed a dread lich
 75027 | Zot:1    | Reached skill level 1 in Transmutations
 75033 | Zot:1    | Killed a dread lich
 75045 | Zot:1    | Killed a dread lich
 75058 | Zot:1    | Reached skill level 5 in Spellcasting
 75923 | Zot:2    | Identified the amulet "Ibysmu" {Reflect Harm *Slow Int+3
                  | SH+5}
 76369 | Zot:2    | Reached skill level 5 in Transmutations
 76645 | Zot:2    | Noticed an orb of fire
 76670 | Zot:2    | Killed an orb of fire
 76838 | Zot:2    | Identified the +5 dagger of Kutopa {heavy, rPois Str+3}
 77284 | Zot:3    | Reached skill level 15 in Invocations
 77720 | Zot:3    | Noticed an orb of fire
 77740 | Zot:3    | Killed an orb of fire
 77807 | Zot:3    | Found a transporter.
 77846 | Zot:3    | Noticed ShutUppercut's ghost (legendary DsGl)
 77911 | Zot:3    | Found a transporter.
 79526 | Hell     | Entered the Vestibule of Hell
 79526 | Hell     | Noticed Geryon
 79772 | Hell     | Killed Geryon
 79896 | Hell     | Found a gateway to the ashen valley of Gehenna.
 79957 | Hell     | Found a gateway to the Iron City of Dis.
 79957 | Hell     | Noticed Murray
 79975 | Hell     | Killed Murray
 80063 | Hell     | Found a gateway to the freezing wastes of Cocytus.
 80068 | Hell     | Paralysed by a wendigo for 1 turns
 80221 | Hell     | Found a gateway to the decaying netherworld of Tartarus.
 80493 | Coc:1    | Entered Level 1 of Cocytus
 80565 | Coc:1    | Paralysed by a wendigo for 1 turns
 81670 | Slime:1  | Entered Level 1 of the Pits of Slime
 81797 | Slime:1  | Reached skill level 10 in Spellcasting
 82282 | Slime:3  | Reached skill level 5 in Ice Magic
 83412 | Slime:5  | Entered Level 5 of the Pits of Slime
 83521 | Slime:5  | Noticed Dissolution
 83533 | Slime:5  | Killed Dissolution
 83594 | Slime:5  | Noticed the Royal Jelly
 83632 | Slime:5  | Killed the Royal Jelly
 83700 | Slime:5  | Found the +0 pair of fencer's gloves {Riposte Dex+3}
 83736 | Slime:5  | Got a slimy rune of Zot
 83737 | Slime:5  | Identified the +1 ice dragon scales "Lamnucw" {Harm +Blink
                  | rF- rC++ rN+}
 83771 | Slime:5  | Identified the staff of cold "Ruhufomo" {rC+ Str+2 Int+6
                  | Dex-4}
 83909 | Slime:5  | Identified the +2 spear of Lico {flame, rC+ Int+4}
 84621 | Geh:1    | Entered Level 1 of Gehenna
 85356 | Geh:3    | Noticed a dread lich
 85364 | Geh:3    | Killed a dread lich
 85636 | Geh:4    | HP: 4/199 [balrug/divine providence (13)]
 85854 | Geh:4    | Noticed an ancient lich
 85866 | Geh:4    | Killed an ancient lich
 86745 | Geh:7    | Entered Level 7 of Gehenna
 87886 | Geh:7    | Found the +13 sceptre of Asmodeus
 87886 | Geh:7    | Noticed Asmodeus
 87898 | Geh:7    | Got an obsidian rune of Zot
 87912 | Geh:7    | Killed Asmodeus
 88802 | Coc:4    | Paralysed by a wendigo for 1 turns
 89403 | Coc:6    | Paralysed by a wendigo for 1 turns
 89695 | Coc:7    | Entered Level 7 of Cocytus
 89722 | Coc:7    | Paralysed by a wendigo for 1 turns
 89758 | Coc:7    | Paralysed by a wendigo for 1 turns
 91147 | Depths:3 | Voluntarily entered the Abyss.
 91182 | Depths:3 | Escaped the Abyss
 91237 | Depths:3 | Voluntarily entered the Abyss.
 91277 | Abyss:6  | Reached skill level 10 in Ice Magic
 91369 | Abyss:6  | Reached skill level 10 in Transmutations
 91491 | Depths:3 | Escaped the Abyss
 91579 | Depths:3 | Voluntarily entered the Abyss.
 91760 | Abyss:6  | Noticed a dread lich
 91804 | Abyss:6  | Killed a dread lich
 91860 | Depths:3 | Escaped the Abyss
 92904 | Coc:7    | Reached skill level 15 in Earth Magic
 93049 | Coc:7    | Identified the +0 shortbow of Folarch {elec, rPois rC+}
 93659 | Coc:7    | Noticed Antaeus
 93696 | Coc:7    | HP: 6/197 [Antaeus/icy flash freeze (42)]
 93785 | Coc:7    | Killed Antaeus
 94068 | Coc:7    | Got an icy rune of Zot
 94186 | Tar:1    | Entered Level 1 of Tartarus
 94280 | Depths:3 | Voluntarily entered the Abyss.
 94355 | Abyss:6  | HP: 8/199 [Hell Sentinel/damnation (26)]
 94400 | Abyss:6  | Paralysed by accursed screaming for 1 turns
 94652 | Abyss:6  | Found a corrupted altar of Lugonu.
 94679 | Abyss:6  | Reached skill level 15 in Spellcasting
 94857 | Depths:3 | Escaped the Abyss
 95270 | Temple   | Fell from the grace of Zin
 95270 | Temple   | Became a worshipper of the Shining One
 95978 | Crypt:3  | Found an ancient bone altar of Kikubaaqudgha.
 95982 | Crypt:3  | Found a basalt altar of Yredelemnul.
 95993 | Crypt:3  | Got Fuallan's Information on the Iceberg
 95996 | Crypt:3  | Identified the ring "Tamoq" {rPois rN+ rCorr Dex+4 Stlth+}
 95996 | Crypt:3  | Identified the ring of Creativity {rPois rF+ rC+ rN+}
 95996 | Crypt:3  | Identified the ring of Icimez {rC- rN+ Str-3 Dex+8}
 95999 | Crypt:3  | Identified the +5 short sword of Overwhelming Force {heavy,
                  | rPois Int-2 Stlth+}
 96046 | Crypt:3  | Identified the +10 executioner's axe "Veocin" {elec, Will+
                  | rCorr Stlth+}
 96323 | Crypt:3  | Found a staircase to the Tomb.
 96890 | Vaults:1 | Bought the Handbook of Combustive Shaping for 504 gold
                  | pieces
 96890 | Vaults:1 | Bought a potion of ambrosia for 144 gold pieces
 97093 | Elf:3    | Bought a potion of resistance for 180 gold pieces
 97093 | Elf:3    | Bought a potion of brilliance for 72 gold pieces
 98301 | Tomb:1   | Entered Level 1 of the Tomb of the Ancients
 98437 | Tomb:1   | Identified the +5 plate armour "Noubibis" {rElec rN+}
 98727 | Tomb:1   | Noticed a royal mummy
 98741 | Tomb:1   | Killed a royal mummy
 98818 | Tomb:1   | Noticed a royal mummy
 98823 | Tomb:1   | Killed a royal mummy
 98950 | Tomb:1   | Noticed a royal mummy
 98959 | Tomb:1   | Killed a royal mummy
 99104 | Tomb:2   | Noticed a royal mummy
 99109 | Tomb:2   | Noticed a royal mummy
 99112 | Tomb:2   | Noticed a royal mummy
 99114 | Tomb:2   | Noticed a royal mummy
 99118 | Tomb:2   | Killed a royal mummy
 99121 | Tomb:2   | Killed a royal mummy
 99137 | Tomb:2   | Killed a royal mummy
 99147 | Tomb:2   | Killed a royal mummy
 99541 | Tomb:1   | Noticed a royal mummy
 99541 | Tomb:1   | Noticed a royal mummy
 99544 | Tomb:1   | Noticed a royal mummy
 99545 | Tomb:1   | Killed a royal mummy
 99549 | Tomb:1   | Killed a royal mummy
 99552 | Tomb:1   | Killed a royal mummy
 99635 | Tomb:1   | Noticed a royal mummy
 99640 | Tomb:1   | Killed a royal mummy
 99648 | Tomb:1   | Noticed a royal mummy
 99652 | Tomb:1   | Killed a royal mummy
 99660 | Tomb:1   | Noticed a royal mummy
 99663 | Tomb:1   | Killed a royal mummy
 99665 | Tomb:1   | Noticed a royal mummy
 99668 | Tomb:1   | Killed a royal mummy
 99718 | Tomb:1   | Noticed a royal mummy
 99724 | Tomb:1   | Killed a royal mummy
 99737 | Tomb:1   | Noticed a royal mummy
 99742 | Tomb:1   | Killed a royal mummy
 99765 | Tomb:1   | Noticed a royal mummy
 99772 | Tomb:1   | Noticed a royal mummy
 99773 | Tomb:1   | Killed a royal mummy
 99776 | Tomb:1   | Noticed a royal mummy
 99778 | Tomb:1   | Killed a royal mummy
 99784 | Tomb:1   | Killed a royal mummy
 99792 | Tomb:1   | Noticed a royal mummy
 99795 | Tomb:1   | Noticed a royal mummy
 99804 | Tomb:1   | Killed a royal mummy
 99806 | Tomb:1   | Killed a royal mummy
 99810 | Tomb:1   | Gained mutation: You are weak. (Str -2) [mutagenic glow]
 99819 | Tomb:1   | Gained mutation: You sometimes lose your temper in combat.
                  | [mutagenic glow]
 99826 | Tomb:1   | Gained mutation: You are occasionally teleported next to
                  | monsters. [mutagenic glow]
 99851 | Tomb:1   | Gained mutation: You are very weak. (Str -4) [mutagenic
                  | glow]
 99877 | Tomb:1   | Lost mutation: You sometimes lose your temper in combat.
                  | [potion of mutation]
 99877 | Tomb:1   | Lost mutation: You are very weak. (Str -4) [potion of
                  | mutation]
 99877 | Tomb:1   | Gained mutation: You are partially covered in iridescent
                  | scales. (AC +2) [potion of mutation]
 99878 | Tomb:1   | Lost mutation: You are partially covered in iridescent
                  | scales. (AC +2) [potion of mutation]
 99878 | Tomb:1   | Lost mutation: You are occasionally teleported next to
                  | monsters. [potion of mutation]
 99878 | Tomb:1   | Gained mutation: You are clumsy. (Dex -2) [potion of
                  | mutation]
 99878 | Tomb:1   | Gained mutation: You are strong-willed. (Will+) [potion of
                  | mutation]
 99878 | Tomb:1   | Gained mutation: Your mind is acute. (Int +4, Str/Dex -1)
                  | [potion of mutation]
 99879 | Tomb:1   | Lost mutation: You are weak. (Str -2) [potion of mutation]
 99879 | Tomb:1   | Lost mutation: You are clumsy. (Dex -2) [potion of
                  | mutation]
 99879 | Tomb:1   | Lost mutation: You are strong-willed. (Will+) [potion of
                  | mutation]
 99879 | Tomb:1   | Gained mutation: You are occasionally teleported next to
                  | monsters. [potion of mutation]
 99879 | Tomb:1   | Gained mutation: You are clumsy. (Dex -2) [potion of
                  | mutation]
 99880 | Tomb:1   | Lost mutation: You are occasionally teleported next to
                  | monsters. [potion of mutation]
 99880 | Tomb:1   | Lost mutation: Your mind is acute. (Int +4, Str/Dex -1)
                  | [potion of mutation]
 99880 | Tomb:1   | Lost mutation: You are clumsy. (Dex -2) [potion of
                  | mutation]
 99880 | Tomb:1   | Gained mutation: You are agile. (Dex +4, Str/Int -1)
                  | [potion of mutation]
 99880 | Tomb:1   | Gained mutation: You are strong-willed. (Will+) [potion of
                  | mutation]
100059 | Tomb:1   | Noticed a royal mummy
100066 | Tomb:1   | Killed a royal mummy
100068 | Tomb:1   | Noticed a royal mummy
100078 | Tomb:1   | Killed a royal mummy
100078 | Tomb:1   | Noticed a royal mummy
100087 | Tomb:1   | Killed a royal mummy
100090 | Tomb:1   | Noticed a royal mummy
100094 | Tomb:1   | Killed a royal mummy
100142 | Tomb:1   | Noticed a royal mummy
100146 | Tomb:1   | Noticed a royal mummy
100149 | Tomb:1   | Killed a royal mummy
100152 | Tomb:1   | Killed a royal mummy
100153 | Tomb:1   | Reached skill level 15 in Transmutations
100244 | Tomb:1   | Noticed a royal mummy
100248 | Tomb:1   | Killed a royal mummy
100249 | Tomb:1   | Noticed a royal mummy
100249 | Tomb:1   | Noticed a royal mummy
100254 | Tomb:1   | Killed a royal mummy
100257 | Tomb:1   | Killed a royal mummy
100321 | Tomb:1   | Noticed a royal mummy
100322 | Tomb:1   | Noticed a royal mummy
100322 | Tomb:1   | Noticed a royal mummy
100326 | Tomb:1   | Noticed a royal mummy
100329 | Tomb:1   | Killed a royal mummy
100330 | Tomb:1   | Killed a royal mummy
100332 | Tomb:1   | Killed a royal mummy
100337 | Tomb:1   | Killed a royal mummy
100560 | Tomb:3   | Entered Level 3 of the Tomb of the Ancients
100579 | Tomb:3   | Noticed a royal mummy
100579 | Tomb:3   | Noticed a royal mummy
100610 | Tomb:3   | Killed a royal mummy
100613 | Tomb:3   | Killed a royal mummy
100624 | Tomb:3   | Noticed a royal mummy
100630 | Tomb:3   | Noticed a royal mummy
100633 | Tomb:3   | Noticed a royal mummy
100637 | Tomb:3   | Killed a royal mummy
100640 | Tomb:3   | Killed a royal mummy
100641 | Tomb:3   | Killed a royal mummy
100647 | Tomb:3   | Noticed a royal mummy
100655 | Tomb:3   | Killed a royal mummy
100656 | Tomb:3   | Noticed a royal mummy
100658 | Tomb:3   | Noticed a royal mummy
100664 | Tomb:3   | Killed a royal mummy
100666 | Tomb:3   | Killed a royal mummy
100823 | Tomb:3   | Identified the +1 leather armour of Dust Devil {Harm rC+++
                  | Str-5 Dex+3}
100843 | Tomb:3   | Identified the +8 arbalest of the Swamp {flame, rElec Int+5
                  | Dex+8 Stlth-}
100976 | Tomb:3   | Got a golden rune of Zot
101044 | Tomb:3   | Found the necklace of Bloodlust {Fury *Rage Will++ Int-3
                  | Slay+6}
101075 | Tomb:3   | Identified the ring of Boffaf {rC+ Str+6 Dex+4}
101076 | Tomb:3   | Identified the ring "Qed Xygea" {rN+ Dex+3 SInv Stlth-}
101084 | Tomb:3   | Identified the ring of Nacumiet {rF+ rC+}
101105 | Tomb:3   | Identified the +4 great mace "Umalif Nuja" {freeze,
                  | *Corrode rF+ Will+}
101116 | Tomb:3   | Identified the ring "Ynusiqib" {Fire Int+5}
101142 | Tomb:3   | Identified the +6 quarterstaff of Zoto {spect, rF- Str+3
                  | Dex+3}
102460 | Tar:3    | Noticed an ancient lich
102463 | Tar:3    | Killed an ancient lich
103138 | Tar:5    | You are sucked into a shaft and drop 1 floor!
103326 | Tar:7    | Entered Level 7 of Tartarus
103328 | Tar:7    | Noticed a dread lich
103336 | Tar:7    | Killed a dread lich
103388 | Tar:7    | Noticed an ancient lich
103393 | Tar:7    | Killed an ancient lich
103439 | Tar:7    | Noticed the Serpent of Hell
103450 | Tar:7    | Killed the Serpent of Hell
103563 | Tar:7    | Noticed a dread lich
103571 | Tar:7    | Killed a dread lich
104038 | Tar:7    | Noticed Ereshkigal
104059 | Tar:7    | Killed Ereshkigal
104129 | Tar:7    | Got a bone rune of Zot
104401 | Dis:1    | Entered Level 1 of the Iron City of Dis
104403 | Dis:1    | Noticed an ancient lich
104417 | Dis:1    | Killed an ancient lich
105054 | Dis:3    | HP: 9/199 [Hell Sentinel/damnation (21)]
106426 | Dis:7    | Entered Level 7 of the Iron City of Dis
107100 | Dis:7    | Found the +16 obsidian axe {drain, demonic, Mesm Drain Fly
                  | SInv}
107593 | Dis:7    | Identified the +4 dagger of Tumult {freeze, rElec Int+3
                  | Dex+4}
107658 | Dis:7    | Noticed a juggernaut
107667 | Dis:7    | Killed a juggernaut
107857 | Dis:7    | Noticed a juggernaut
107870 | Dis:7    | Killed a juggernaut
108037 | Dis:7    | Noticed a juggernaut
108048 | Dis:7    | Killed a juggernaut
108094 | Dis:7    | Noticed Dispater
108112 | Dis:7    | Identified the ring "Tuklim" {rC+ Will++}
108118 | Dis:7    | Killed Dispater
108190 | Dis:7    | Found the +11 plutonium sword {Contam Stlth-}
108212 | Dis:7    | Got an iron rune of Zot
108217 | Dis:7    | Identified the amulet "Yxon" {Regen+ Int+3 SInv}
108618 | Pan      | Entered Pandemonium
108686 | Pan      | Reached skill level 27 in Invocations
108686 | Pan      | Noticed Qiewyape the pandemonium lord
108690 | Abyss:6  | Cast into level 6 of the Abyss (Qiewyape)
108883 | Pan      | Escaped the Abyss
108893 | Pan      | Killed Qiewyape the pandemonium lord
109164 | Pan      | Identified the +0 robe of Oxoic {rElec rC+ Dex+2 Stlth+}
109244 | Pan      | Gained mutation: You occasionally shout uncontrollably at
                  | your foes. [a cacodemon]
109419 | Pan      | Gained mutation: You are frail. (-10% HP) [a cacodemon]
109436 | Pan      | Noticed Nerhih the pandemonium lord
109442 | Pan      | Killed Nerhih the pandemonium lord
109633 | Pan      | Gained mutation: You sometimes lose your temper in combat.
                  | [a neqoxec]
109650 | Pan      | Lost mutation: You are frail. (-10% HP) [potion of
                  | mutation]
109650 | Pan      | Lost mutation: You are agile. (Dex +4, Str/Int -1) [potion
                  | of mutation]
109650 | Pan      | Lost mutation: You occasionally shout uncontrollably at
                  | your foes. [potion of mutation]
109650 | Pan      | Gained mutation: You occasionally lose the ability to read
                  | scrolls when taking damage. [potion of mutation]
109650 | Pan      | Gained mutation: You are somewhat resistant to further
                  | mutation. [potion of mutation]
109665 | Pan      | Lost mutation: You occasionally lose the ability to read
                  | scrolls when taking damage. [potion of mutation]
109665 | Pan      | Lost mutation: You are strong-willed. (Will+) [potion of
                  | mutation]
109666 | Pan      | Lost mutation: You sometimes lose your temper in combat.
                  | [potion of mutation]
109666 | Pan      | Lost mutation: You are somewhat resistant to further
                  | mutation. [potion of mutation]
109666 | Pan      | Gained mutation: Your body sometimes deteriorates upon
                  | taking damage. [potion of mutation]
109666 | Pan      | Gained mutation: Your muscles are strong. (Str +4, Int/Dex
                  | -1) [potion of mutation]
109666 | Pan      | Gained mutation: Your muscles are very strong. (Str +8,
                  | Int/Dex -2) [potion of mutation]
109666 | Pan      | Gained mutation: You have supernaturally acute eyesight.
                  | (SInv) [potion of mutation]
110154 | Pan      | Gained mutation: You occasionally lose the ability to drink
                  | potions when taking damage. [a neqoxec]
110156 | Pan      | Noticed Jajen the pandemonium lord
110165 | Pan      | Killed Jajen the pandemonium lord
110177 | Pan      | Identified the +9 dagger of the Depths {freeze, Dex+4}
110445 | Pan      | Acquired 990 gold pieces
110696 | Pan      | Noticed Hiomewko the pandemonium lord
110709 | Pan      | Killed Hiomewko the pandemonium lord
111210 | Pan      | Found a transporter.
111213 | Pan      | Found a transporter.
111231 | Pan      | Identified the +1 helmet of Uhoklo {Str+4}
111250 | Pan      | Identified the amulet of Kufebing {RegenMP Str+2}
111743 | Pan      | Gained mutation: You are agile. (Dex +4, Str/Int -1) [a
                  | cacodemon]
111752 | Pan      | Identified the +0 plate armour of Darkness {rF- Will-
                  | Regen+ Dex+7}
111791 | Pan      | Noticed Kokkus the pandemonium lord
111803 | Pan      | Killed Kokkus the pandemonium lord
111814 | Pan      | Gained mutation: You sometimes lose your temper in combat.
                  | [a neqoxec]
111817 | Pan      | Lost mutation: You occasionally lose the ability to drink
                  | potions when taking damage. [potion of mutation]
111817 | Pan      | Lost mutation: You sometimes lose your temper in combat.
                  | [potion of mutation]
111817 | Pan      | Gained mutation: Your flesh is heat resistant. (rF+)
                  | [potion of mutation]
111817 | Pan      | Gained mutation: You are partially covered in iridescent
                  | scales. (AC +2) [potion of mutation]
111899 | Pan      | Identified the +3 robe of Trial and Error {Rampage rElec}
112454 | Pan      | Noticed Xaorab the pandemonium lord
112481 | Pan      | Killed Xaorab the pandemonium lord
112590 | Pan      | Got a demonic rune of Zot
112779 | Pan      | Entered the realm of Gloorx Vloq.
112844 | Pan      | Found an exit through the horrors of the Abyss.
113438 | Pan      | Noticed Gloorx Vloq
113466 | Pan      | Killed Gloorx Vloq
113489 | Pan      | Got a dark rune of Zot
113912 | Pan      | Noticed Guhycuen the pandemonium lord
113919 | Pan      | Killed Guhycuen the pandemonium lord
113936 | Pan      | Identified the ring "Eplo" {rF+ rC+ rN+ Int+2}
113966 | Pan      | Entered the realm of Mnoleg.
113968 | Pan      | Gained mutation: You are frail. (-10% HP) [a cacodemon]
113972 | Pan      | Lost mutation: Your body sometimes deteriorates upon taking
                  | damage. [a neqoxec]
114082 | Pan      | Lost mutation: Your flesh is heat resistant. (rF+) [a
                  | neqoxec]
114151 | Pan      | Found an exit through the horrors of the Abyss.
114189 | Pan      | Gained mutation: You are very frail. (-20% HP) [a
                  | cacodemon]
114286 | Pan      | Gained mutation: You occasionally lose the ability to drink
                  | potions when taking damage. [a shining eye]
114292 | Pan      | Gained mutation: Your spells are a little easier to cast,
                  | but a little less powerful. [a shining eye]
114294 | Pan      | Gained mutation: You sometimes lose the ability to drink
                  | potions when taking damage. [a shining eye]
114299 | Pan      | Gained mutation: You are dopey. (Int -2) [a neqoxec]
114301 | Pan      | Paralysed by a floating eye for 3 turns
114301 | Pan      | Lost mutation: You have supernaturally acute eyesight.
                  | (SInv) [a shining eye]
114310 | Pan      | Gained mutation: You possess an exceptional clarity of
                  | mind. [a neqoxec]
114315 | Pan      | Gained mutation: Your body sometimes deteriorates upon
                  | taking damage. [a neqoxec]
114316 | Pan      | Lost mutation: You possess an exceptional clarity of mind.
                  | [a neqoxec]
114318 | Pan      | Lost mutation: You sometimes lose the ability to drink
                  | potions when taking damage. [potion of mutation]
114318 | Pan      | Lost mutation: You are agile. (Dex +4, Str/Int -1) [potion
                  | of mutation]
114318 | Pan      | Lost mutation: Your spells are a little easier to cast, but
                  | a little less powerful. [potion of mutation]
114318 | Pan      | Gained mutation: You passively map a small area around you.
                  | [potion of mutation]
114319 | Pan      | Lost mutation: You are partially covered in iridescent
                  | scales. (AC +2) [potion of mutation]
114319 | Pan      | Lost mutation: Your muscles are very strong. (Str +8,
                  | Int/Dex -2) [potion of mutation]
114319 | Pan      | Gained mutation: Your flesh is cold resistant. (rC+)
                  | [potion of mutation]
114319 | Pan      | Gained mutation: You are vulnerable to heat. (rF-) [potion
                  | of mutation]
114319 | Pan      | Lost mutation: You are vulnerable to heat. (rF-) [potion of
                  | mutation]
114320 | Pan      | Lost mutation: You are dopey. (Int -2) [potion of mutation]
114320 | Pan      | Lost mutation: You passively map a small area around you.
                  | [potion of mutation]
114320 | Pan      | Lost mutation: You are very frail. (-20% HP) [potion of
                  | mutation]
114320 | Pan      | Gained mutation: Your mind is acute. (Int +4, Str/Dex -1)
                  | [potion of mutation]
114320 | Pan      | Gained mutation: You are vulnerable to heat. (rF-) [potion
                  | of mutation]
114320 | Pan      | Gained mutation: Your mind is very acute. (Int +8, Str/Dex
                  | -2) [potion of mutation]
114321 | Pan      | Lost mutation: Your flesh is cold resistant. (rC+) [potion
                  | of mutation]
114321 | Pan      | Lost mutation: Your mind is very acute. (Int +8, Str/Dex
                  | -2) [potion of mutation]
114321 | Pan      | Lost mutation: Your body sometimes deteriorates upon taking
                  | damage. [potion of mutation]
114321 | Pan      | Gained mutation: You are resistant to electric shocks.
                  | (rElec) [potion of mutation]
114321 | Pan      | Gained mutation: You have a somewhat thin skeletal
                  | structure. (Dex +2, Stealth+) [potion of mutation]
114321 | Pan      | Gained mutation: Your system is resistant to poisons.
                  | (rPois) [potion of mutation]
114333 | Pan      | Noticed Mnoleg
114349 | Pan      | Lost mutation: Your mind is acute. (Int +4, Str/Dex -1) [a
                  | neqoxec]
114353 | Pan      | Gained mutation: Potions are less effective at restoring
                  | your health. [a shining eye]
114354 | Pan      | Paralysed by a floating eye for 3 turns
114364 | Pan      | Killed Mnoleg
114426 | Pan      | Got a glowing rune of Zot
114756 | Pan      | Gained mutation: You occasionally shout uncontrollably at
                  | your foes. [a cacodemon]
114766 | Pan      | Lost mutation: Your system is resistant to poisons. (rPois)
                  | [potion of mutation]
114766 | Pan      | Lost mutation: You are resistant to electric shocks.
                  | (rElec) [potion of mutation]
114766 | Pan      | Gained mutation: You have a moderately thin skeletal
                  | structure. (Dex +4, Stealth++) [potion of mutation]
114767 | Pan      | Lost mutation: You occasionally shout uncontrollably at
                  | your foes. [potion of mutation]
114767 | Pan      | Lost mutation: You are frail. (-10% HP) [potion of
                  | mutation]
114767 | Pan      | Lost mutation: You occasionally lose the ability to drink
                  | potions when taking damage. [potion of mutation]
114867 | Pan      | Gained mutation: You are frail. (-10% HP) [a cacodemon]
114882 | Pan      | Lost mutation: You are vulnerable to heat. (rF-) [potion of
                  | mutation]
114882 | Pan      | Lost mutation: You have a moderately thin skeletal
                  | structure. (Dex +4, Stealth++) [potion of mutation]
114882 | Pan      | Gained mutation: You have sharp fingernails. [potion of
                  | mutation]
114882 | Pan      | Gained mutation: Your system is resistant to poisons.
                  | (rPois) [potion of mutation]
114949 | Pan      | Entered the realm of Lom Lobon.
115343 | Pan      | Found an exit through the horrors of the Abyss.
116070 | Pan      | Noticed Lom Lobon
116331 | Pan      | Killed Lom Lobon
116343 | Pan      | Got a magical rune of Zot
116579 | Pan      | Entered the realm of Cerebov.
116579 | Pan      | Found an exit through the horrors of the Abyss.
117189 | Pan      | Found the +6 sword of Cerebov {flame}
117189 | Pan      | Noticed Cerebov
117209 | Pan      | Identified the +4 scimitar "Omylaops" {spect, Will++ Str-5}
117211 | Pan      | Killed Cerebov
117259 | Pan      | Identified the +4 dagger "Zaral" {protect, rCorr Dex-5 SInv
                  | Stlth-}
117261 | Pan      | Identified the staff of poison "Eclosik" {*Corrode rPois
                  | rN+ Int+4}
117276 | Pan      | Identified the +1 plate armour of Umnich {rPois Will+ Int-4
                  | Dex+3}
117292 | Pan      | Identified the +1 scale mail of Sif Muna's Benevolence
                  | {Int+7 Dex+3 Slay-2}
117308 | Pan      | Got a fiery rune of Zot
117521 | Pan      | Noticed Douwagh the pandemonium lord
117530 | Pan      | Killed Douwagh the pandemonium lord
117652 | Pan      | Got the Atlas of Vapour
117685 | Pan      | Lost mutation: Your muscles are strong. (Str +4, Int/Dex
                  | -1) [a neqoxec]
117688 | Pan      | Noticed Toakkinnu the pandemonium lord
117696 | Pan      | Killed Toakkinnu the pandemonium lord
117708 | Pan      | Gained mutation: Your muscles are strong. (Str +4, Int/Dex
                  | -1) [a neqoxec]
117712 | Pan      | Lost mutation: Your system is resistant to poisons. (rPois)
                  | [a neqoxec]
117713 | Pan      | Gained mutation: Your natural rate of healing is unusually
                  | fast. [a neqoxec]
117714 | Pan      | Gained mutation: You are very frail. (-20% HP) [a neqoxec]
117717 | Pan      | Lost mutation: You are very frail. (-20% HP) [potion of
                  | mutation]
117717 | Pan      | Lost mutation: Potions are less effective at restoring your
                  | health. [potion of mutation]
117717 | Pan      | Gained mutation: You are agile. (Dex +4, Str/Int -1)
                  | [potion of mutation]
117717 | Pan      | Gained mutation: You expend magic power (3 MP) to
                  | strengthen your wands. [potion of mutation]
118110 | Pan      | Found an exit through the horrors of the Abyss.
118125 | Pan      | Took an exit into the Abyss.
118125 | Abyss:6  | Escaped into the Abyss
118158 | Abyss:6  | Noticed a dread lich
118168 | Abyss:6  | Killed a dread lich
118174 | Abyss:6  | Gained mutation: Armour fits poorly on your strangely
                  | shaped body. [a neqoxec]
118197 | Depths:2 | Escaped the Abyss
118440 | Zot:3    | Killed ShutUppercut's ghost
118479 | Zot:3    | Acquired 1114 gold pieces
118526 | Zot:5    | Entered Level 5 of the Realm of Zot
118802 | Zot:5    | Noticed an orb of fire
118807 | Zot:5    | Lost mutation: You are agile. (Dex +4, Str/Int -1) [an orb
                  | of fire]
118812 | Zot:5    | Gained mutation: You occasionally lose the ability to read
                  | scrolls when taking damage. [an orb of fire]
118813 | Zot:5    | Gained mutation: You sometimes lose the ability to read
                  | scrolls when taking damage. [an orb of fire]
118814 | Zot:5    | Killed an orb of fire
118824 | Zot:5    | Lost mutation: You have a somewhat thin skeletal structure.
                  | (Dex +2, Stealth+) [potion of mutation]
118824 | Zot:5    | Lost mutation: You sometimes lose the ability to read
                  | scrolls when taking damage. [potion of mutation]
118824 | Zot:5    | Lost mutation: Armour fits poorly on your strangely shaped
                  | body. [potion of mutation]
118824 | Zot:5    | Gained mutation: You are dopey. (Int -2) [potion of
                  | mutation]
118859 | Zot:5    | Lost mutation: You have sharp fingernails. [potion of
                  | mutation]
118859 | Zot:5    | Lost mutation: Your muscles are strong. (Str +4, Int/Dex
                  | -1) [potion of mutation]
118859 | Zot:5    | Gained mutation: You occasionally lose the ability to drink
                  | potions when taking damage. [potion of mutation]
118860 | Zot:5    | Lost mutation: You are dopey. (Int -2) [potion of mutation]
118860 | Zot:5    | Lost mutation: You expend magic power (3 MP) to strengthen
                  | your wands. [potion of mutation]
118860 | Zot:5    | Lost mutation: You are frail. (-10% HP) [potion of
                  | mutation]
118860 | Zot:5    | Gained mutation: Potions are less effective at restoring
                  | your health. [potion of mutation]
118861 | Zot:5    | Lost mutation: Your natural rate of healing is unusually
                  | fast. [potion of mutation]
118861 | Zot:5    | Lost mutation: You occasionally lose the ability to read
                  | scrolls when taking damage. [potion of mutation]
118861 | Zot:5    | Gained mutation: You are agile. (Dex +4, Str/Int -1)
                  | [potion of mutation]
118907 | Zot:5    | Noticed a dread lich
118912 | Zot:5    | Killed a dread lich
119169 | Zot:5    | Noticed an orb of fire
119169 | Zot:5    | Noticed an ancient lich
119169 | Zot:5    | Noticed an orb of fire
119169 | Zot:5    | Noticed an orb of fire
119170 | Zot:5    | Noticed an orb of fire
119171 | Zot:5    | Noticed an orb of fire
119171 | Zot:5    | Noticed an orb of fire
119175 | Zot:5    | Killed an ancient lich
119176 | Zot:5    | Gained mutation: Your magical capacity is low. (-10% MP)
                  | [an orb of fire]
119176 | Zot:5    | Gained mutation: You are frail. (-10% HP) [an orb of fire]
119178 | Zot:5    | Killed an orb of fire
119183 | Zot:5    | Gained mutation: Potions cannot restore your health. [an
                  | orb of fire]
119184 | Zot:5    | Killed an orb of fire
119188 | Zot:5    | Noticed an orb of fire
119190 | Zot:5    | Noticed an ancient lich
119192 | Zot:5    | Gained mutation: Your body sometimes deteriorates upon
                  | taking damage. [an orb of fire]
119195 | Zot:5    | Gained mutation: You are dopey. (Int -2) [an orb of fire]
119197 | Zot:5    | Killed an orb of fire
119206 | Zot:5    | Gained mutation: Your magical capacity is very low. (-20%
                  | MP) [an orb of fire]
119209 | Zot:5    | Killed an orb of fire
119210 | Zot:5    | Killed an ancient lich
119227 | Zot:5    | Gained mutation: You occasionally shout uncontrollably at
                  | your foes. [an orb of fire]
119233 | Zot:5    | Killed an orb of fire
119237 | Zot:5    | Gained mutation: Your muscles are strong. (Str +4, Int/Dex
                  | -1) [an orb of fire]
119238 | Zot:5    | Gained mutation: You sometimes lose your temper in combat.
                  | [an orb of fire]
119350 | Zot:4    | Lost mutation: Potions cannot restore your health. [potion
                  | of mutation]
119350 | Zot:4    | Lost mutation: You are agile. (Dex +4, Str/Int -1) [potion
                  | of mutation]
119350 | Zot:4    | Lost mutation: You occasionally shout uncontrollably at
                  | your foes. [potion of mutation]
119350 | Zot:4    | Gained mutation: You are very frail. (-20% HP) [potion of
                  | mutation]
119351 | Zot:4    | Lost mutation: You sometimes lose your temper in combat.
                  | [potion of mutation]
119351 | Zot:4    | Lost mutation: Your magical capacity is very low. (-20% MP)
                  | [potion of mutation]
119351 | Zot:4    | Gained mutation: Your spells are a little easier to cast,
                  | but a little less powerful. [potion of mutation]
119351 | Zot:4    | Lost mutation: Your spells are a little easier to cast, but
                  | a little less powerful. [potion of mutation]
119351 | Zot:4    | Gained mutation: You have hidden genetic defects. [potion
                  | of mutation]
119351 | Zot:4    | Gained mutation: Your spells are a little harder to cast,
                  | but a little more powerful. [potion of mutation]
119352 | Zot:4    | Lost mutation: You occasionally lose the ability to drink
                  | potions when taking damage. [potion of mutation]
119352 | Zot:4    | Lost mutation: Potions are less effective at restoring your
                  | health. [potion of mutation]
119352 | Zot:4    | Gained mutation: Your spells are harder to cast, but more
                  | powerful. [potion of mutation]
119488 | Zot:5    | Got the Orb of Zot
119711 | Depths:1 | Noticed Abodur the pandemonium lord
119715 | Depths:1 | Killed Abodur the pandemonium lord
120098 | D:$      | Escaped with the Orb!

Illustrated notes

Levels and vault maps discovered:
D:1:      dpeg_arrival_simpleton_b, layout_loops_ring,
          amcnicky_mini_corridor_feature
D:2:      layout_basic, serial_shops, shop, roderic_lattice_a, uniq_terence
D:3:      layout_loops_corners, uniq_jessica, uniq_natasha
D:4:      layout_basic, regret_index_temple_of_mockery,
          chequers_serial_rivers_small_b, hangedman_abyss_or_decor_lesser_grid,
          st_stairs_7
D:5:      layout_rooms, minmay_temple_entry_glassed_door
D:6:      layout_loops_ring, minmay_strange_pillars, small_statue_intersection,
          nicolae_stop_n_shop_2
D:7:      cheibrodos_helix_gallery, layout_layer_cave, enter_bailey_5,
          minmay_misc_feat_five, nrook_mini_vaults
D:8:      layout_basic, due_lair_maze_entry_diamond, grunt_ministairs_15
D:9:      layout_basic, nicolae_overflow_hidden_temple,
          gammafunk_temple_overflow_elements
D:10:     layout_big_octagon, chequers_temple_overflow_statue_of_worship,
          minmay_orc_entry_temple_small, minivault_19, serial_bayou_pond_c,
          dilly_guarded_unrand_elemental_staff, uniq_snorg
D:11:     layout_irregular_city, corexii_leaking_fountain,
          minmay_misc_feat_ornament, uniq_lodul, uniq_amaemon
D:12:     layout_grid_maze, portal_ice_cave_entry_pillars_1, abandoned_shop
D:13:     layout_basic, david_vaults_2, gammafunk_ghost_stat_death, door_vault,
          uniq_sonja
D:14:     layout_loops_ring, serial_shops, shop, nicolae_trove_entry_columns
D:15:     grunt_enter_depths_snipers, layout_cave_pods, grunt_dithmenos_smoke,
          einodemon_armed_red_devil_minivault
Temple:   hellmonk_temple_of_storms
Lair:1:   layout_roguey, grunt_forest_stairs_basic, serial_bayou_pond_e
Lair:2:   layout_chaotic_city, elwin_shoals_entry_rocks,
          nicolae_snake_entry_warm_welcome
Lair:3:   gammafunk_indiana_jones, layout_regular_city,
          infiniplex_staircase_pool, uniq_fannar
Lair:4:   layout_gridlike, minmay_slime_entry_jelly_boxes, ice2_lemuel
Lair:5:   minmay_lair_end_enchanted_forest, layout_loops_ring, ldierk_geyser,
          nzn_sisyphean_effort, serial_bayou_shore_b
Shoals:1: layout_shoals, nicolae_shoals_lost_giant_baths
Shoals:2: cheibrodos_shoals_three_sisters, layout_shoals, st_cyclops,
          uniq_ilsuiw, uniq_jorgrun
Shoals:3: layout_shoals, uniq_louise, uniq_polyphemus
Shoals:4: shoals_end_grunt_garden, layout_shoals, serial_shops, shop,
          uniq_mlioglotl, uniq_nikola, uniq_kirke, uniq_aizul
Snake:1:  layout_misc_corridors, grunt_megastairs_2
Snake:2:  layout_misc_corridors, ebering_ghost_reflecting_pool,
          nicolae_integral_box
Snake:3:  layout_honeycomb
Snake:4:  minmay_snake_end_coiled, layout_rooms, nicolae_fountain_basement
Slime:1:  layout_caves, cheibrodos_slime_lost_civilization_6
Slime:2:  layout_caves
Slime:3:  layout_caves
Slime:4:  layout_caves
Slime:5:  uniq_dissolution
Orc:1:    layout_caves, serial_shops, nicolae_book_shop_shelving,
          nicolae_shop_scrapyard, guppyfry_orc_lava_fort
Orc:2:    kennysheep_orc_mage_school, layout_caves, basic_altar,
          nicolae_alphabet_shops
Elf:1:    nicolae_elf_arrival_dilemma, layout_geoelf_diagonals, serial_shops,
          shop, shop, shop, shop, shop, minivault_28,
          nicolae_elf_glass_and_crystal_pillar_2
Elf:2:    elven_hall_of_blades_hangedman_original [nicolae_blade_bullseye],
          layout_loops_corners, grunt_ministairs_5, kb_rosetta
Elf:3:    minmay_elf_hall_quartered_circle, layout_loops_cross, serial_shops,
          nicolae_shop_peninsula, nicolae_shop_waterfront,
          nicolae_shop_window_shopping, nicolae_shop_mannequins, uniq_asterion,
          uniq_zenata
Vaults:1: nicolae_vaults_mitosis, nicolae_vaults_wine_cellar,
          nicolae_vaults_arrows, nicolae_vaults_windows_and_doors_thing,
          grunt_vaults_focal, nicolae_vaults_meeting,
          vaults_room_grunt_arrival_ludios, nicolae_vaults_trapezoid_lopsided_1,
          nicolae_vaults_closet_pinwheel_6, vaults_dpeg_hooks,
          layout_vaults_maze, serial_shops, nicolae_shop_trees
Vaults:2: nicolae_vaults_tetromino_Z_2, nicolae_vaults_tetromino_Z_1, v_misc_19,
          vaults_mumra_hex, hangedman_vaults_trim,
          nicolae_vaults_frosty_reception, nicolae_vaults_stand_back, v_misc_13,
          nicolae_vaults_closet_pinwheel_4, layout_vaults_quadrants
Vaults:3: gammafunk_ghost_cemetery, nicolae_vaults_statue_guard,
          nicolae_vaults_bisected_exclaves, nicolae_vaults_disjoint_gnomons,
          vaults_mumra_hexcomb, minmay_crypt_entry_simple_corners, v_misc_32,
          hangedman_vaults_nails, nicolae_vaults_trapezoid_1, vaults_room_fours,
          nicolae_vaults_diagonal_hallway_8, nicolae_vaults_storage_room_glass,
          ontoclasm_vaults_idyll, layout_vaults_omnibox, serial_shops, shop,
          uniq_margery
Vaults:4: ontoclasm_vaults_tryst, v_pattern_3, hangedman_vaults_nails,
          hangedman_vaults_maws, hangedman_vaults_snaps,
          nicolae_vaults_more_shelving_1, vaults_room_door_hall, serial_ice_h,
          vaults_room_pools, layout_vaults_big_room
Vaults:5
Crypt:1:  layout_misc_corridors, grunt_crypt_arrival_split, grunt_megastairs_3,
          uniq_frederick
Crypt:2:  layout_gridlike
Crypt:3:  lightli_unholy_cathedral, layout_chaotic_city,
          tomb_entry_sphere_bobbens, corexii_hall_statues_x, uniq_grunn
Tomb:1
Tomb:2
Tomb:3
Depths:1: kennysheep_room_grid, layout_gridville, hellmouth_3,
          nicolae_elyvilon_peaceful_grove, minmay_microvault,
          serial_bayou_shore_b
Depths:2: mu_elemental_laboratory, layout_basic, enter_ziggurat_b,
          hangedman_decor_riveting, serial_shops, shop, nicolae_shop_crystal,
          hell_entry, hellmonk_ghost_big_iron, grunt_pan_entry_in_and_out,
          uniq_bai_suzhen
Depths:3: dreamdust_experimentation, layout_cave_pools, hangedman_geh_valley,
          hangedman_decor_opposing, abyss_entry, uniq_parghit, uniq_enchantress,
          uniq_mennas
Depths:4: grunt_zot_entry_gee_three, layout_gridville, hell_entry, serial_shops,
          shop, minmay_misc_feat_cross
Hell
Dis:1:    layout_overlapping_boxes, evilmike_ambush
          [evilmike_ambush_outer_corners, evilmike_ambush_inner_pond]
Dis:2:    layout_jigsaw, nicolae_hells_seeping_fissure
Dis:3:    layout_subdivisions, nicolae_dis_having_a_grate_time
Dis:4:    layout_jigsaw
Dis:5:    layout_subdivisions
Dis:6:    layout_jigsaw
Dis:7:    dis_grunt_layers
Geh:1:    layout_gehenna_pools_box, nicolae_geh_gnashing_of_teeth
Geh:2:    layout_gehenna_lava_caves
Geh:3:    layout_gehenna_pools_triple
Geh:4:    layout_gehenna_pools_box
Geh:5:    layout_gehenna_pools_basic
Geh:6:    layout_gehenna_pools_triple, nicolae_geh_lava_rosette
Geh:7:    geh_hangedman
Coc:1:    nicolae_coc_through_the_icewall, layout_cocytus_delve
Coc:2:    layout_cocytus_delve, serial_ice, serial_ice_d, serial_ice_n,
          serial_ice_e
Coc:3:    layout_ice_bergs
Coc:4:    layout_ice_bergs
Coc:5:    layout_cocytus_water_paths
Coc:6:    layout_cocytus_delve
Coc:7:    coc_dpeg
Tar:1:    layout_honeycomb
Tar:2:    layout_grid_maze
Tar:3:    layout_catacombs, grunt_tartarus_stairs_gauntlet_trap
Tar:4:    layout_honeycomb
Tar:5:    layout_cathedral_of_symmetry
Tar:6:    layout_catacombs
Tar:7:    tar_old
Zot:1:    hellmonk_paralyzer, layout_gridville, grunt_megastairs_4
Zot:2:    nicolae_zot_stationary_front, layout_concentric_octagons,
          st_small_dragon_hoard_3, st_stairs_12, hangedman_hellfire_club
Zot:3:    layout_twisted_circle, gammafunk_ghost_mausoleum
Zot:4:    layout_basic
Zot:5:    layout_cathedral_of_symmetry

Skill      XL: |  1  2  3  4  5  6  7  8  9 10 11 12 13 14 15 16 17 18 19 20 21 22 23 24 25 26 27 |
---------------+----------------------------------------------------------------------------------+-----
Axes           | 3 4 5 6 8 9 10 11 13 15 16 17 18 | 18.0
Dodging        | 2 3 4 5 7 8 10 11 16 17 27 | 27.0
Invocations    | 2 3 4 5 6 7 27 | 27.0
Fighting       | 5 7 9 10 11 13 16 18 19 21 23 27 | 27.0
Armour         | 4 6 7 8 9 11 12 15 20 24 27 | 27.0
Shields        | 5 10 11 12 14 17 19 21 22 24 27 | 27.0
Spellcasting   | 2 23 | 23.5
Earth Magic    | 2 24 | 24.7
Ice Magic      | 10 | 10.2
Transmutations | 24 | 24.3

Action                     |  1- 3 |  4- 6 |  7- 9 | 10-12 | 13-15 | 16-18 | 19-21 | 22-24 | 25-27 || total
---------------------------+-------+-------+-------+-------+-------+-------+-------+-------+-------++-------
  Melee: War axe           |    37 |       |       |    22 |       |       |       |       |       ||    59
         Kick              |    17 |    37 |   118 |   136 |   271 |   416 |   325 |   627 |  6279 ||  8226
         Whip              |    14 |    37 |       |       |       |       |       |       |       ||    51
         Peck              |     5 |    18 |    63 |   100 |   158 |   264 |   177 |   365 |  3794 ||  4944
         Flail             |       |    99 |   290 |       |    13 |       |       |       |       ||   402
         Hand axe          |       |       |    68 |     9 |       |       |       |       |       ||    77
         Broad axe         |       |       |       |   425 |   736 |   975 |   717 |  1167 | 10926 || 14946
         Unarmed           |       |       |       |       |       |     1 |       |       |       ||     1
  Throw: Dart              |       |       |    12 |    13 |     4 |     5 |       |       |     2 ||    36
         Throwing net      |       |       |     2 |     1 |       |       |       |       |       ||     3
   Cast: Statue Form       |       |       |       |       |       |       |       |       |   197 ||   197
 Invoke: Heroism           |       |       |     2 |     5 |     3 |    10 |     7 |     7 |     7 ||    41
         Finesse           |       |       |       |       |       |       |     1 |     4 |     2 ||     7
         Divine Shield     |       |       |       |       |       |       |       |       |    48 ||    48
         Vitalisation      |       |       |       |       |       |       |       |       |    90 ||    90
         Summon Divine War |       |       |       |       |       |       |       |       |    42 ||    42
         Cleansing Flame   |       |       |       |       |       |       |       |       |    34 ||    34
         Sanctuary         |       |       |       |       |       |       |       |       |    14 ||    14
         Imprison          |       |       |       |       |       |       |       |       |    10 ||    10
         Recite            |       |       |       |       |       |       |       |       |     8 ||     8
         Brand Weapon With |       |       |       |       |       |       |       |       |     1 ||     1
Ability: Evoke Invisibilit |       |       |       |       |       |       |       |     1 |       ||     1
  Evoke: Wand              |       |       |     6 |     6 |     4 |       |       |       |    12 ||    28
         Lightning rod     |       |       |       |       |     4 |     3 |       |       |       ||     7
         Piece from Xom's  |       |       |       |       |     2 |       |       |       |       ||     2
         Phial of floods   |       |       |       |       |     1 |       |       |       |       ||     1
    Use: Scroll            |       |       |    11 |     6 |     9 |     3 |     7 |     2 |    43 ||    81
         Potion            |       |       |       |     1 |     1 |     4 |     2 |     3 |   102 ||   113
   Stab: Invisible         |       |       |     4 |     3 |       |       |       |       |       ||     7
         Held in net/web   |       |       |     1 |       |       |       |       |       |       ||     1
         Petrifying        |       |       |       |       |       |     2 |       |       |       ||     2
         Distracted        |       |       |       |       |       |       |       |       |     9 ||     9
         Confused          |       |       |       |       |       |       |       |       |     6 ||     6
         Paralysed         |       |       |       |       |       |       |       |       |     6 ||     6
 Armour: Scale mail        |    24 |     3 |       |       |       |       |       |       |       ||    27
         Chain mail        |       |    53 |   130 |    77 |   145 |    16 |       |       |       ||   421
         Plate armour      |       |       |       |       |       |    82 |       |       |       ||    82
         Crystal plate arm |       |       |       |       |       |    71 |   157 |   234 |  1187 ||  1649
         Skin              |       |       |       |       |       |       |       |       |   307 ||   307
  Dodge: Dodged            |    23 |    56 |   230 |   223 |   184 |   210 |   140 |   363 |  3785 ||  5214
  Block: Buckler           |    12 |    29 |    95 |   134 |       |       |       |       |       ||   270
         Tower shield      |       |       |       |    40 |   763 |  1179 |   831 |  1172 | 13135 || 17120
         Reflection        |       |       |       |     2 |    38 |   249 |   210 |    81 |   397 ||   977
Riposte: Broad axe         |       |       |       |       |       |       |       |       |   689 ||   689
